Workbook

Sheet COINSA
D1: FORMATO COTIZACION
B8: JUSTIFICACION:
B9: El DNP en aras de garantizar su funcionamiento como Entidad Estatal, atiende sus necesidades y requerimientos en materia de TIC a través de la Oficina de Tecnología y Sistemas de Información. Dicha dependencia es la encargada de garantizar la disponibilidad y cobertura de servicios de TIC, los cuales se encuentran soportados sobre una infraestructura tecnológica estable, escalable y flexible, y dados los avances que se presentan constantemente en la materia, se ha propendido para que este siempre alineada en cuanto a la evolución que se vaya dando en cada uno de sus componentes. En ese orden de ideas, la Oficina de Tecnología y Sistemas de Información es la responsable de la infraestructura tecnológica, la cual se ha ido implementando y manteniendo a lo largo de los años, permitiendo que a través de los servicios de TIC que ella brinda, se pueda seguir optimizando la ejecución de procesos y procedimientos que se llevan a cabo por las dependencias y por ende aportando al cumplimiento de los objetivos estratégicos de la Entidad. Basados en lo anterior y dado el crecimiento constante de los últimos años a nivel tecnológico y de usuarios del DNP, la Entidad desde el año 2007 y hasta la fecha, efectúa tanto la recepción, atención, solución y cierre de solicitudes asociadas con servicios de TIC, como la gestión, administración, mantenimiento y soporte técnico de la infraestructura tecnológica que provee dichos servicios de TIC, a través del modelo de tercerización, mediante la contratación de un Centro de Servicios para la atención de requerimientos TIC a nivel 1 y 2. Para mantener la disponibilidad de los servicios tecnológicos y asegurar la protección de la información, se debe realizar un monitoreo 7X24 de la infraestructura tecnológica con los servicios de: Servicio Centro de Operaciones de Seguridad (SOC), sus herramientas y actividades asociadas a los análisis de vulnerabilidades, y Servicio Centro de Operaciones de Red (NOC)
B10: CLASIFICADOR DE BIENES Y SERVICIOS: (Nota. El proveedor podrá sugerir otros códigos que se relacionen con el bien y/o servicio a contratar)
B11: De acuerdo con la clasificación del Código Estándar de Productos y Servicios de Naciones Unidas, (UNSPSC), el servicio requerido por el Departamento Nacional de Planeación, identificados con los códigos: 81111800, 81111900, 81112000, 81112200, 43233200
B12: OBJETO:
B13: Prestar los servicios al Departamento Nacional de Planeación (DNP) y al Sistema General de Regalías (SGR) de Centro de Servicios de Soporte Tecnológico y Centro de Operación de Seguridad y de red (SOC/NOC), los cuales comprenden soporte técnico, mantenimiento preventivo y correctivo, monitoreo continuo de la seguridad informática, así como la administración y operación de la infraestructura tecnológica.
B14: ACTIVIDADES ESPECÍFICAS ESTIMADAS A DESARROLLAR: (Nota. En la publicacion del proceso la entidad podrá incluir actividades adicionales que tengan relacion directa con el objeto a contractual)
B15: * Servicio Centro de Operaciones de Seguridad (SOC), sus herramientas y actividades asociadas a los análisis de vulnerabilidades * Servicio Centro de Operaciones de Red (NOC) * Soporte y administración de servidores, Hardware y Software * Soporte, administración de la infraestructura tecnológica de los 2 Centros de Datos del DNP (soporte nivel 2) * Servicio de mesa de ayuda y Soporte mesa de servicios nivel 1 * Gestión de sistema operativo y de actualizaciones * Soporte y administración de plataforma de backup * Soporte y administración redes y seguridad * Soporte y administración correo electrónico * Soporte y administración de Directorio Activo * Soporte y administración de servicios de apoyo (DHCP, DNS, Proxy) * Bolsa de Recursos TIC
B16: DOCUMENTOS Y/O REQUERIMIENTOS TÉCNICOS ADICIONALES:
B17: REQUISITOS TÉCNICOS Los especificados en el Anexo Técnico y matriz de roles que se adjuntan
B18: MECANISMOS MÍNIMOS DE COBERTURA DEL CONTRATO. (Nota. Las garantías pueden ser modificadas de acuerdo al análisis del estudio sector y afinidad con el objeto a desarrollar)
B19: Riesgo | D19: Porcentaje | E19: Valor | F19: Vigencia
B20: Cumplimiento | D20: 0.2 | E20: Del contrato | F20: El plazo de ejecución del contrato y seis (6) meses más.
B21: Calidad del Servicio | D21: 0.2 | E21: Del contrato | F21: El plazo de ejecución del contrato y doce (12) meses más.
B22: Calidad y correcto funcionamiento de los bienes suministrados | D22: 0.2 | E22: Del contrato | F22: El plazo de ejecución del contrato y un (1) año más, contado a partir del recibo a satisfacción de los bienes suministrados
B23: Pago de salarios, prestaciones sociales e indemnizaciones laborales | D23: 0.1 | E23: Del contrato | F23: El plazo de ejecución del contrato y tres (3) meses más.
B24: Responsabilidad Civil Extracontractual | D24: 400 SMMLV | E24: Del contrato | F24: El plazo de ejecución del contrato
B25: ESPECIFICACIONES TÉCNICAS REQUERIDAS
B26: ITEM | C26: COMPONENTE | D26: DESCRIPCION | E26: UNIDAD | F26: CANTIDAD X MES | G26: TIEMPO MES | H26: VALOR MES | I26: IVA 19% | J26: VALOR TOTAL
B28: 1 | C28: Gestión de mesa de servicios | D28: Provisión de Recurso humano, recursos para la prestación de servicios y gestión para la atencion de la mesa de Servicios Nivel 1 | E28: GLOBAL | F28: 1 | G28: 9 | H28: 1.758448e+08 | I28: =+H28*0.19 -> 33410512 | J28: =(H28+I28)*G28 -> 1.8832978e+09
B29: 2 | C29: Gestión de Infraestructura Tecnológica | D29: Provisión de Recurso humano, recursos para la prestación de servicios y gestión de la infraestructura tecnológica Nivel 2 | F29: 1 | H29: 2.6747649e+08 | I29: =+H29*0.19 -> 50820534 | J29: =(H29+I29)*G28 -> 2.8646733e+09
B30: 3 | C30: Centro de Operaciones de Seguridad (SOC) y Centro de Operaciones de Red (NOC) | D30: Servicios de SOC y Servicios de NOC Se deben sumar los valores de servicios de SOC Y NOC | F30: 1 | H30: 1.2916602e+08 | I30: =+H30*0.19 -> 24541543 | J30: =(H30+I30)*G28 -> 1.3833681e+09
B31: 4 | C31: SIEM (Security Information and Event Management) para correlación de eventos | D31: Correlación de eventos, debe tener la capacidad de 8000 EPS y 550 Licencias, que deben ser suministradas por el contratista | F31: 1 | H31: 62145375 | I31: =+H31*0.19 -> 11807621 | J31: =(H31+I31)*G28 -> 6.6557697e+08
B32: 5 | C32: Herramienta de automatización y orquestación | D32: Solución de orquestación, automatización y remediación, licenciada que se integre con el SIEM Informar el nombre de la herramienta a utilizar | F32: 1 | H32: 38608369 | I32: =+H32*0.19 -> 7335590.2 | J32: =(H32+I32)*G28 -> 4.1349564e+08
B33: 6 | C33: Solución de emulación de adversarios. | D33: Una plataforma de emulación de amenazas y validación continua de seguridad, la cual deberá incluir como mínimo cinco (5) agentes de emulación licenciados y operativos Informar el nombre de la herramienta a utilizar | F33: 1 | H33: 43496526 | I33: =+H33*0.19 -> 8264339.9 | J33: =(H33+I33)*G28 -> 4.6584779e+08
B34: 7 | C34: Mantenimientos preventivos, Mantenimientos correctivos | D34: Mantenimiento preventivo de equipos sin garantía del inventario definidos en el anexo técnico Mantenimiento correctivos de los equipos sin garantía del inventario definidos en el anexo técnico, Debe cotizar de la siguiente forma: - El valor de los mantenimientros preventivos a realizar, es uno por año. - El valor de los mantenimientos correctivos, sin incluir repuestos, estos mantenimientos son por demanda durante la vigencía del contrato. - No es un valor mensualizado | F34: 1 | H34: 1.3864041e+08 | I34: =+H34*0.19 -> 26341679 | J34: =H34+I34 -> 1.6498209e+08
B35: SUBTOTAL SERVICIOS | J35: =SUM(H28:H33)*G28+H34 -> 6.5892786e+09
B36: IVA DE SERVICIOS | J36: =+J35*0.19 -> 1.2519629e+09
B37: TOTAL SERVICIOS | J37: =+J35+J36 -> 7.8412416e+09
B38: 8 | C38: Bolsa para recursos TIC | D38: Por demanda bolsa de horas especialistas Bolsa de repuesto | E38: GLOBAL | F38: 1 | G38: 9 | H38: 6000000 | J38: =+H38*G38 -> 54000000
B39: IVA DE BOLSA DE REPUESTOS | J39: =+J38*0.19 -> 10260000
B40: SUBTOTAL BOLSA DE REPUESTOS | J40: =+J38+J39 -> 64260000
B41: GRAN TOTAL SERVICIOS +BOLSA DE SERVICIOS E IMPUESTOS | J41: =+J37+J40 -> 7.9055016e+09
B42: FORMA DE PAGO Y PLAZO DE EJECUCIÓN: El DNP, pagará el valor del contrato a satisfacción de los soportes en mensualidades, el cual se efectuará dentro de los treinta (30) días hábiles siguientes a la radicación de la factura en el DNP, con el lleno de los requisitos legales y cumplimiento a satisfacción por parte del supervisor del contrato.
B43: IDENTIFICACIÓN DEL PROVEEDOR: Nombre: COINSA Nit: 800143512-5 Tamaño empresarial: Mediana Empresa
B44: OBSERVACIONES: (El proveedor podrá incluir en este campo las observaciones a la ficha técnica de las condiciones establecidas por el DNP, a fin de que la entidad pueda analizar y realizar los ajustes necesarios, si hay a lugar, del objeto a contratar)
B45: Coordinador OTSI GGU
B46: NOTA 1: El valor de la bolsa de recursos TIC es un valor fijo establecido por la entidad resultado de un análisis que comprende lo definido para el año 2025 y la necesidad adicional de recursos de horas de especialista NOTA 2: Tener en cuenta que para esta cotizacion el proveedor ha leido y entendido el anexo técnico, anexo de ANS y la matriz de roles y perfiles (documentos adjuntos al presente). La matriz de roles y perfiles contiene los valores salariales mínimos y respectiva carga prestacional de cada uno de los perfiles solicitados

Sheet TSG
D1: FORMATO COTIZACION
B8: JUSTIFICACION:
B9: El DNP en aras de garantizar su funcionamiento como Entidad Estatal, atiende sus necesidades y requerimientos en materia de TIC a través de la Oficina de Tecnología y Sistemas de Información. Dicha dependencia es la encargada de garantizar la disponibilidad y cobertura de servicios de TIC, los cuales se encuentran soportados sobre una infraestructura tecnológica estable, escalable y flexible, y dados los avances que se presentan constantemente en la materia, se ha propendido para que este siempre alineada en cuanto a la evolución que se vaya dando en cada uno de sus componentes. En ese orden de ideas, la Oficina de Tecnología y Sistemas de Información es la responsable de la infraestructura tecnológica, la cual se ha ido implementando y manteniendo a lo largo de los años, permitiendo que a través de los servicios de TIC que ella brinda, se pueda seguir optimizando la ejecución de procesos y procedimientos que se llevan a cabo por las dependencias y por ende aportando al cumplimiento de los objetivos estratégicos de la Entidad. Basados en lo anterior y dado el crecimiento constante de los últimos años a nivel tecnológico y de usuarios del DNP, la Entidad desde el año 2007 y hasta la fecha, efectúa tanto la recepción, atención, solución y cierre de solicitudes asociadas con servicios de TIC, como la gestión, administración, mantenimiento y soporte técnico de la infraestructura tecnológica que provee dichos servicios de TIC, a través del modelo de tercerización, mediante la contratación de un Centro de Servicios para la atención de requerimientos TIC a nivel 1 y 2. Para mantener la disponibilidad de los servicios tecnológicos y asegurar la protección de la información, se debe realizar un monitoreo 7X24 de la infraestructura tecnológica con los servicios de: Servicio Centro de Operaciones de Seguridad (SOC), sus herramientas y actividades asociadas a los análisis de vulnerabilidades, y Servicio Centro de Operaciones de Red (NOC)
B10: CLASIFICADOR DE BIENES Y SERVICIOS: (Nota. El proveedor podrá sugerir otros códigos que se relacionen con el bien y/o servicio a contratar)
B11: De acuerdo con la clasificación del Código Estándar de Productos y Servicios de Naciones Unidas, (UNSPSC), el servicio requerido por el Departamento Nacional de Planeación, identificados con los códigos: 81111800, 81111900, 81112000, 81112200, 43233200
B12: OBJETO:
B13: Prestar los servicios al Departamento Nacional de Planeación (DNP) y al Sistema General de Regalías (SGR) de Centro de Servicios de Soporte Tecnológico y Centro de Operación de Seguridad y de red (SOC/NOC), los cuales comprenden soporte técnico, mantenimiento preventivo y correctivo, monitoreo continuo de la seguridad informática, así como la administración y operación de la infraestructura tecnológica.
B14: ACTIVIDADES ESPECÍFICAS ESTIMADAS A DESARROLLAR: (Nota. En la publicacion del proceso la entidad podrá incluir actividades adicionales que tengan relacion directa con el objeto a contractual)
B15: * Servicio Centro de Operaciones de Seguridad (SOC), sus herramientas y actividades asociadas a los análisis de vulnerabilidades * Servicio Centro de Operaciones de Red (NOC) * Soporte y administración de servidores, Hardware y Software * Soporte, administración de la infraestructura tecnológica de los 2 Centros de Datos del DNP (soporte nivel 2) * Servicio de mesa de ayuda y Soporte mesa de servicios nivel 1 * Gestión de sistema operativo y de actualizaciones * Soporte y administración de plataforma de backup * Soporte y administración redes y seguridad * Soporte y administración correo electrónico * Soporte y administración de Directorio Activo * Soporte y administración de servicios de apoyo (DHCP, DNS, Proxy) * Bolsa de Recursos TIC
B16: DOCUMENTOS Y/O REQUERIMIENTOS TÉCNICOS ADICIONALES:
B17: REQUISITOS TÉCNICOS Los especificados en el Anexo Técnico y matriz de roles que se adjuntan
B18: MECANISMOS MÍNIMOS DE COBERTURA DEL CONTRATO. (Nota. Las garantías pueden ser modificadas de acuerdo al análisis del estudio sector y afinidad con el objeto a desarrollar)
B19: Riesgo | D19: Porcentaje | E19: Valor | F19: Vigencia
B20: Cumplimiento | D20: 0.2 | E20: Del contrato | F20: El plazo de ejecución del contrato y seis (6) meses más.
B21: Calidad del Servicio | D21: 0.2 | E21: Del contrato | F21: El plazo de ejecución del contrato y doce (12) meses más.
B22: Calidad y correcto funcionamiento de los bienes suministrados | D22: 0.2 | E22: Del contrato | F22: El plazo de ejecución del contrato y un (1) año más, contado a partir del recibo a satisfacción de los bienes suministrados
B23: Pago de salarios, prestaciones sociales e indemnizaciones laborales | D23: 0.1 | E23: Del contrato | F23: El plazo de ejecución del contrato y tres (3) meses más.
B24: Responsabilidad Civil Extracontractual | D24: 400 SMMLV | E24: Del contrato | F24: El plazo de ejecución del contrato
B25: ESPECIFICACIONES TÉCNICAS REQUERIDAS
B26: ITEM | C26: COMPONENTE | D26: DESCRIPCION | E26: UNIDAD | F26: CANTIDAD X MES | G26: TIEMPO MES | H26: VALOR MES | I26: IVA 19% | J26: VALOR TOTAL
B28: 1 | C28: Gestión de mesa de servicios | D28: Provisión de Recurso humano, recursos para la prestación de servicios y gestión para la atencion de la mesa de Servicios Nivel 1 | E28: GLOBAL | F28: 1 | G28: 9 | H28: 177931812 | I28: =+H28*0.19 -> 33807044 | J28: 1905649710
B29: 2 | C29: Gestión de Infraestructura Tecnológica | D29: Provisión de Recurso humano, recursos para la prestación de servicios y gestión de la infraestructura tecnológica Nivel 2 | F29: 1 | H29: 270651040 | I29: =+H29*0.19 -> 51423698 | J29: 2898672637
B30: 3 | C30: Centro de Operaciones de Seguridad (SOC) y Centro de Operaciones de Red (NOC) | D30: Servicios de SOC y Servicios de NOC Se deben sumar los valores de servicios de SOC Y NOC | F30: 1 | H30: 130699025 | I30: =+H30*0.19 -> 24832815 | J30: 1399786557
B31: 4 | C31: SIEM (Security Information and Event Management) para correlación de eventos | D31: Correlación de eventos, debe tener la capacidad de 8000 EPS y 550 Licencias, que deben ser suministradas por el contratista | F31: 1 | H31: 62882948 | I31: =+H31*0.19 -> 11947760 | J31: 673476371
B32: 5 | C32: Herramienta de automatización y orquestación | D32: Solución de orquestación, automatización y remediación, licenciada que se integre con el SIEM Informar el nombre de la herramienta a utilizar | F32: 1 | H32: 39066593 | I32: =+H32*0.19 -> 7422652.7 | J32: 418403209
B33: 6 | C33: Solución de emulación de adversarios. | D33: Una plataforma de emulación de amenazas y validación continua de seguridad, la cual deberá incluir como mínimo cinco (5) agentes de emulación licenciados y operativos Informar el nombre de la herramienta a utilizar | F33: 1 | H33: 44012764 | I33: =+H33*0.19 -> 8362425.2 | J33: 471376704
B34: 7 | C34: Mantenimientos preventivos, Mantenimientos correctivos | D34: Mantenimiento preventivo de equipos sin garantía del inventario definidos en el anexo técnico Mantenimiento correctivos de los equipos sin garantía del inventario definidos en el anexo técnico, Debe cotizar de la siguiente forma: - El valor de los mantenimientros preventivos a realizar, es uno por año. - El valor de los mantenimientos correctivos, sin incluir repuestos, estos mantenimientos son por demanda durante la vigencía del contrato. - No es un valor mensualizado | F34: 1 | H34: 140285868 | I34: =+H34*0.19 -> 26654315 | J34: =H34+I34 -> 1.6694018e+08
B35: SUBTOTAL SERVICIOS | J35: =SUM(H28:H33)*G28+H34 -> 6667483506
B36: IVA DE SERVICIOS | J36: =+J35*0.19 -> 1.2668219e+09
B37: TOTAL SERVICIOS | J37: =+J35+J36 -> 7.9343054e+09
B38: 8 | C38: Bolsa para recursos TIC | D38: Por demanda bolsa de horas especialistas Bolsa de repuesto | E38: GLOBAL | F38: 1 | G38: 9 | H38: 6000000 | J38: =+H38*G38 -> 54000000
B39: IVA DE BOLSA DE REPUESTOS | J39: =+J38*0.19 -> 10260000
B40: SUBTOTAL BOLSA DE REPUESTOS | J40: =+J38+J39 -> 64260000
B41: GRAN TOTAL SERVICIOS +BOLSA DE SERVICIOS E IMPUESTOS | J41: =+J37+J40 -> 7.9985654e+09
B42: FORMA DE PAGO Y PLAZO DE EJECUCIÓN: El DNP, pagará el valor del contrato a satisfacción de los soportes en mensualidades, el cual se efectuará dentro de los treinta (30) días hábiles siguientes a la radicación de la factura en el DNP, con el lleno de los requisitos legales y cumplimiento a satisfacción por parte del supervisor del contrato.
B43: IDENTIFICACIÓN DEL PROVEEDOR: NIT 900.994.724-3NOMBRE: TSG THE IT EXPERTS
B44: OBSERVACIONES: (El proveedor podrá incluir en este campo las observaciones a la ficha técnica de las condiciones establecidas por el DNP, a fin de que la entidad pueda analizar y realizar los ajustes necesarios, si hay a lugar, del objeto a contratar)
B45: Coordinador OTSI GGU
B46: NOTA 1: El valor de la bolsa de recursos TIC es un valor fijo establecido por la entidad resultado de un análisis que comprende lo definido para el año 2025 y la necesidad adicional de recursos de horas de especialista NOTA 2: Tener en cuenta que para esta cotizacion el proveedor ha leido y entendido el anexo técnico, anexo de ANS y la matriz de roles y perfiles (documentos adjuntos al presente). La matriz de roles y perfiles contiene los valores salariales mínimos y respectiva carga prestacional de cada uno de los perfiles solicitados

Sheet DATASEC
D1: FORMATO COTIZACION
B8: JUSTIFICACION:
B9: El DNP en aras de garantizar su funcionamiento como Entidad Estatal, atiende sus necesidades y requerimientos en materia de TIC a través de la Oficina de Tecnología y Sistemas de Información. Dicha dependencia es la encargada de garantizar la disponibilidad y cobertura de servicios de TIC, los cuales se encuentran soportados sobre una infraestructura tecnológica estable, escalable y flexible, y dados los avances que se presentan constantemente en la materia, se ha propendido para que este siempre alineada en cuanto a la evolución que se vaya dando en cada uno de sus componentes. En ese orden de ideas, la Oficina de Tecnología y Sistemas de Información es la responsable de la infraestructura tecnológica, la cual se ha ido implementando y manteniendo a lo largo de los años, permitiendo que a través de los servicios de TIC que ella brinda, se pueda seguir optimizando la ejecución de procesos y procedimientos que se llevan a cabo por las dependencias y por ende aportando al cumplimiento de los objetivos estratégicos de la Entidad. Basados en lo anterior y dado el crecimiento constante de los últimos años a nivel tecnológico y de usuarios del DNP, la Entidad desde el año 2007 y hasta la fecha, efectúa tanto la recepción, atención, solución y cierre de solicitudes asociadas con servicios de TIC, como la gestión, administración, mantenimiento y soporte técnico de la infraestructura tecnológica que provee dichos servicios de TIC, a través del modelo de tercerización, mediante la contratación de un Centro de Servicios para la atención de requerimientos TIC a nivel 1 y 2. Para mantener la disponibilidad de los servicios tecnológicos y asegurar la protección de la información, se debe realizar un monitoreo 7X24 de la infraestructura tecnológica con los servicios de: Servicio Centro de Operaciones de Seguridad (SOC), sus herramientas y actividades asociadas a los análisis de vulnerabilidades, y Servicio Centro de Operaciones de Red (NOC)
B10: CLASIFICADOR DE BIENES Y SERVICIOS: (Nota. El proveedor podrá sugerir otros códigos que se relacionen con el bien y/o servicio a contratar)
B11: De acuerdo con la clasificación del Código Estándar de Productos y Servicios de Naciones Unidas, (UNSPSC), el servicio requerido por el Departamento Nacional de Planeación, identificados con los códigos: 81111800, 81111900, 81112000, 81112200, 43233200
B12: OBJETO:
B13: Prestar los servicios al Departamento Nacional de Planeación (DNP) y al Sistema General de Regalías (SGR) de Centro de Servicios de Soporte Tecnológico y Centro de Operación de Seguridad y de red (SOC/NOC), los cuales comprenden soporte técnico, mantenimiento preventivo y correctivo, monitoreo continuo de la seguridad informática, así como la administración y operación de la infraestructura tecnológica.
B14: ACTIVIDADES ESPECÍFICAS ESTIMADAS A DESARROLLAR: (Nota. En la publicacion del proceso la entidad podrá incluir actividades adicionales que tengan relacion directa con el objeto a contractual)
B15: * Servicio Centro de Operaciones de Seguridad (SOC), sus herramientas y actividades asociadas a los análisis de vulnerabilidades * Servicio Centro de Operaciones de Red (NOC) * Soporte y administración de servidores, Hardware y Software * Soporte, administración de la infraestructura tecnológica de los 2 Centros de Datos del DNP (soporte nivel 2) * Servicio de mesa de ayuda y Soporte mesa de servicios nivel 1 * Gestión de sistema operativo y de actualizaciones * Soporte y administración de plataforma de backup * Soporte y administración redes y seguridad * Soporte y administración correo electrónico * Soporte y administración de Directorio Activo * Soporte y administración de servicios de apoyo (DHCP, DNS, Proxy) * Bolsa de Recursos TIC
B16: DOCUMENTOS Y/O REQUERIMIENTOS TÉCNICOS ADICIONALES:
B17: REQUISITOS TÉCNICOS Los especificados en el Anexo Técnico y matriz de roles que se adjuntan
B18: MECANISMOS MÍNIMOS DE COBERTURA DEL CONTRATO. (Nota. Las garantías pueden ser modificadas de acuerdo al análisis del estudio sector y afinidad con el objeto a desarrollar)
B19: Riesgo | D19: Porcentaje | E19: Valor | F19: Vigencia
B20: Cumplimiento | D20: 0.2 | E20: Del contrato | F20: El plazo de ejecución del contrato y seis (6) meses más.
B21: Calidad del Servicio | D21: 0.2 | E21: Del contrato | F21: El plazo de ejecución del contrato y doce (12) meses más.
B22: Calidad y correcto funcionamiento de los bienes suministrados | D22: 0.2 | E22: Del contrato | F22: El plazo de ejecución del contrato y un (1) año más, contado a partir del recibo a satisfacción de los bienes suministrados
B23: Pago de salarios, prestaciones sociales e indemnizaciones laborales | D23: 0.1 | E23: Del contrato | F23: El plazo de ejecución del contrato y tres (3) meses más.
B24: Responsabilidad Civil Extracontractual | D24: 400 SMMLV | E24: Del contrato | F24: El plazo de ejecución del contrato
B25: ESPECIFICACIONES TÉCNICAS REQUERIDAS
B26: ITEM | C26: COMPONENTE | D26: DESCRIPCION | E26: UNIDAD | F26: CANTIDAD X MES | G26: TIEMPO MES | H26: VALOR MES | I26: IVA 19% | J26: VALOR TOTAL
B28: 1 | C28: Gestión de mesa de servicios | D28: Provisión de Recurso humano, recursos para la prestación de servicios y gestión para la atencion de la mesa de Servicios Nivel 1 | E28: GLOBAL | F28: 1 | G28: 9 | H28: 1.7889221e+08 | I28: =+H28*0.19 -> 33989520 | J28: =(H28+I28)*G28 -> 1.9159356e+09
B29: 2 | C29: Gestión de Infraestructura Tecnológica | D29: Provisión de Recurso humano, recursos para la prestación de servicios y gestión de la infraestructura tecnológica Nivel 2 | F29: 1 | H29: 2.7211189e+08 | I29: =+H29*0.19 -> 51701260 | J29: =(H29+I29)*G28 -> 2.9143184e+09
B30: 3 | C30: Centro de Operaciones de Seguridad (SOC) y Centro de Operaciones de Red (NOC) | D30: Servicios de SOC y Servicios de NOC Se deben sumar los valores de servicios de SOC Y NOC | F30: 1 | H30: 1.3140448e+08 | I30: =+H30*0.19 -> 24966851 | J30: =(H30+I30)*G28 -> 1.407342e+09
B31: 4 | C31: SIEM (Security Information and Event Management) para correlación de eventos | D31: Correlación de eventos, debe tener la capacidad de 8000 EPS y 550 Licencias, que deben ser suministradas por el contratista | F31: 1 | H31: 63222362 | I31: =+H31*0.19 -> 12012249 | J31: =(H31+I31)*G28 -> 6.7711149e+08
B32: 5 | C32: Herramienta de automatización y orquestación | D32: Solución de orquestación, automatización y remediación, licenciada que se integre con el SIEM Informar el nombre de la herramienta a utilizar | F32: 1 | H32: 39277457 | I32: =+H32*0.19 -> 7462716.8 | J32: =(H32+I32)*G28 -> 4.2066156e+08
B33: 6 | C33: Solución de emulación de adversarios. | D33: Una plataforma de emulación de amenazas y validación continua de seguridad, la cual deberá incluir como mínimo cinco (5) agentes de emulación licenciados y operativos Informar el nombre de la herramienta a utilizar | F33: 1 | H33: 44250325 | I33: =+H33*0.19 -> 8407561.8 | J33: =(H33+I33)*G28 -> 4.7392098e+08
B34: 7 | C34: Mantenimientos preventivos, Mantenimientos correctivos | D34: Mantenimiento preventivo de equipos sin garantía del inventario definidos en el anexo técnico Mantenimiento correctivos de los equipos sin garantía del inventario definidos en el anexo técnico, Debe cotizar de la siguiente forma: - El valor de los mantenimientros preventivos a realizar, es uno por año. - El valor de los mantenimientos correctivos, sin incluir repuestos, estos mantenimientos son por demanda durante la vigencía del contrato. - No es un valor mensualizado | F34: 1 | H34: 1.4104307e+08 | I34: =+H34*0.19 -> 26798183 | J34: =H34+I34 -> 1.6784125e+08
B35: SUBTOTAL SERVICIOS | J35: =SUM(H28:H33)*G28+H34 -> 6.7034716e+09
B36: IVA DE SERVICIOS | J36: =+J35*0.19 -> 1.2736596e+09
B37: TOTAL SERVICIOS | J37: =+J35+J36 -> 7.9771312e+09
B38: 8 | C38: Bolsa para recursos TIC | D38: Por demanda bolsa de horas especialistas Bolsa de repuesto | E38: GLOBAL | F38: 1 | G38: 9 | H38: 6000000 | J38: =+H38*G38 -> 54000000
B39: IVA DE BOLSA DE REPUESTOS | J39: =+J38*0.19 -> 10260000
B40: SUBTOTAL BOLSA DE REPUESTOS | J40: =+J38+J39 -> 64260000
B41: GRAN TOTAL SERVICIOS +BOLSA DE SERVICIOS E IMPUESTOS | J41: =+J37+J40 -> 8.0413912e+09
B42: FORMA DE PAGO Y PLAZO DE EJECUCIÓN: El DNP, pagará el valor del contrato a satisfacción de los soportes en mensualidades, el cual se efectuará dentro de los treinta (30) días hábiles siguientes a la radicación de la factura en el DNP, con el lleno de los requisitos legales y cumplimiento a satisfacción por parte del supervisor del contrato.
B43: IDENTIFICACIÓN DEL PROVEEDOR: DATASEC - Mediana Empresa 901223827-1
B44: OBSERVACIONES: (El proveedor podrá incluir en este campo las observaciones a la ficha técnica de las condiciones establecidas por el DNP, a fin de que la entidad pueda analizar y realizar los ajustes necesarios, si hay a lugar, del objeto a contratar)
B45: Coordinador OTSI GGU
B46: NOTA 1: El valor de la bolsa de recursos TIC es un valor fijo establecido por la entidad resultado de un análisis que comprende lo definido para el año 2025 y la necesidad adicional de recursos de horas de especialista NOTA 2: Tener en cuenta que para esta cotizacion el proveedor ha leido y entendido el anexo técnico, anexo de ANS y la matriz de roles y perfiles (documentos adjuntos al presente). La matriz de roles y perfiles contiene los valores salariales mínimos y respectiva carga prestacional de cada uno de los perfiles solicitados

Sheet GROW DATA
D1: FORMATO COTIZACION
B8: JUSTIFICACION:
B9: El DNP en aras de garantizar su funcionamiento como Entidad Estatal, atiende sus necesidades y requerimientos en materia de TIC a través de la Oficina de Tecnología y Sistemas de Información. Dicha dependencia es la encargada de garantizar la disponibilidad y cobertura de servicios de TIC, los cuales se encuentran soportados sobre una infraestructura tecnológica estable, escalable y flexible, y dados los avances que se presentan constantemente en la materia, se ha propendido para que este siempre alineada en cuanto a la evolución que se vaya dando en cada uno de sus componentes. En ese orden de ideas, la Oficina de Tecnología y Sistemas de Información es la responsable de la infraestructura tecnológica, la cual se ha ido implementando y manteniendo a lo largo de los años, permitiendo que a través de los servicios de TIC que ella brinda, se pueda seguir optimizando la ejecución de procesos y procedimientos que se llevan a cabo por las dependencias y por ende aportando al cumplimiento de los objetivos estratégicos de la Entidad. Basados en lo anterior y dado el crecimiento constante de los últimos años a nivel tecnológico y de usuarios del DNP, la Entidad desde el año 2007 y hasta la fecha, efectúa tanto la recepción, atención, solución y cierre de solicitudes asociadas con servicios de TIC, como la gestión, administración, mantenimiento y soporte técnico de la infraestructura tecnológica que provee dichos servicios de TIC, a través del modelo de tercerización, mediante la contratación de un Centro de Servicios para la atención de requerimientos TIC a nivel 1 y 2. Para mantener la disponibilidad de los servicios tecnológicos y asegurar la protección de la información, se debe realizar un monitoreo 7X24 de la infraestructura tecnológica con los servicios de: Servicio Centro de Operaciones de Seguridad (SOC), sus herramientas y actividades asociadas a los análisis de vulnerabilidades, y Servicio Centro de Operaciones de Red (NOC)
B10: CLASIFICADOR DE BIENES Y SERVICIOS: (Nota. El proveedor podrá sugerir otros códigos que se relacionen con el bien y/o servicio a contratar)
B11: De acuerdo con la clasificación del Código Estándar de Productos y Servicios de Naciones Unidas, (UNSPSC), el servicio requerido por el Departamento Nacional de Planeación, identificados con los códigos: 81111800, 81111900, 81112000, 81112200, 43233200
B12: OBJETO:
B13: Prestar los servicios al Departamento Nacional de Planeación (DNP) y al Sistema General de Regalías (SGR) de Centro de Servicios de Soporte Tecnológico y Centro de Operación de Seguridad y de red (SOC/NOC), los cuales comprenden soporte técnico, mantenimiento preventivo y correctivo, monitoreo continuo de la seguridad informática, así como la administración y operación de la infraestructura tecnológica.
B14: ACTIVIDADES ESPECÍFICAS ESTIMADAS A DESARROLLAR: (Nota. En la publicacion del proceso la entidad podrá incluir actividades adicionales que tengan relacion directa con el objeto a contractual)
B15: * Servicio Centro de Operaciones de Seguridad (SOC), sus herramientas y actividades asociadas a los análisis de vulnerabilidades * Servicio Centro de Operaciones de Red (NOC) * Soporte y administración de servidores, Hardware y Software * Soporte, administración de la infraestructura tecnológica de los 2 Centros de Datos del DNP (soporte nivel 2) * Servicio de mesa de ayuda y Soporte mesa de servicios nivel 1 * Gestión de sistema operativo y de actualizaciones * Soporte y administración de plataforma de backup * Soporte y administración redes y seguridad * Soporte y administración correo electrónico * Soporte y administración de Directorio Activo * Soporte y administración de servicios de apoyo (DHCP, DNS, Proxy) * Bolsa de Recursos TIC
B16: DOCUMENTOS Y/O REQUERIMIENTOS TÉCNICOS ADICIONALES:
B17: REQUISITOS TÉCNICOS Los especificados en el Anexo Técnico y matriz de roles que se adjuntan
B18: MECANISMOS MÍNIMOS DE COBERTURA DEL CONTRATO. (Nota. Las garantías pueden ser modificadas de acuerdo al análisis del estudio sector y afinidad con el objeto a desarrollar)
B19: Riesgo | D19: Porcentaje | E19: Valor | F19: Vigencia
B20: Cumplimiento | D20: 0.2 | E20: Del contrato | F20: El plazo de ejecución del contrato y seis (6) meses más.
B21: Calidad del Servicio | D21: 0.2 | E21: Del contrato | F21: El plazo de ejecución del contrato y doce (12) meses más.
B22: Calidad y correcto funcionamiento de los bienes suministrados | D22: 0.2 | E22: Del contrato | F22: El plazo de ejecución del contrato y un (1) año más, contado a partir del recibo a satisfacción de los bienes suministrados
B23: Pago de salarios, prestaciones sociales e indemnizaciones laborales | D23: 0.1 | E23: Del contrato | F23: El plazo de ejecución del contrato y tres (3) meses más.
B24: Responsabilidad Civil Extracontractual | D24: 400 SMMLV | E24: Del contrato | F24: El plazo de ejecución del contrato
B25: ESPECIFICACIONES TÉCNICAS REQUERIDAS
B26: ITEM | C26: COMPONENTE | D26: DESCRIPCION | E26: UNIDAD | F26: CANTIDAD X MES | G26: TIEMPO MES | H26: VALOR MES | I26: IVA 19% | J26: VALOR TOTAL
B28: 1 | C28: Gestión de mesa de servicios | D28: Provisión de Recurso humano, recursos para la prestación de servicios y gestión para la atencion de la mesa de Servicios Nivel 1 | E28: GLOBAL | F28: 1 | G28: 9 | H28: 1.79317e+08 | I28: =+H28*0.19 -> 34070230 | J28: =(H28+I28)*G28 -> 1.9204851e+09
B29: 2 | C29: Gestión de Infraestructura Tecnológica | D29: Provisión de Recurso humano, recursos para la prestación de servicios y gestión de la infraestructura tecnológica Nivel 2 | F29: 1 | H29: 2.7275804e+08 | I29: =+H29*0.19 -> 51824027 | J29: =(H29+I29)*G28 -> 2.9212386e+09
B30: 3 | C30: Centro de Operaciones de Seguridad (SOC) y Centro de Operaciones de Red (NOC) | D30: Servicios de SOC y Servicios de NOC Se deben sumar los valores de servicios de SOC Y NOC | F30: 1 | H30: 1.3171651e+08 | I30: =+H30*0.19 -> 25026136 | J30: =(H30+I30)*G28 -> 1.4106838e+09
B31: 4 | C31: SIEM (Security Information and Event Management) para correlación de eventos | D31: Correlación de eventos, debe tener la capacidad de 8000 EPS y 550 Licencias, que deben ser suministradas por el contratista | F31: 1 | H31: 63372487 | I31: =+H31*0.19 -> 12040773 | J31: =(H31+I31)*G28 -> 6.7871934e+08
B32: 5 | C32: Herramienta de automatización y orquestación | D32: Solución de orquestación, automatización y remediación, licenciada que se integre con el SIEM Informar el nombre de la herramienta a utilizar | F32: 1 | H32: 39370723 | I32: =+H32*0.19 -> 7480437.4 | J32: =(H32+I32)*G28 -> 4.2166045e+08
B33: 6 | C33: Solución de emulación de adversarios. | D33: Una plataforma de emulación de amenazas y validación continua de seguridad, la cual deberá incluir como mínimo cinco (5) agentes de emulación licenciados y operativos Informar el nombre de la herramienta a utilizar | F33: 1 | H33: 44355400 | I33: =+H33*0.19 -> 8427526.1 | J33: =(H33+I33)*G28 -> 4.7504634e+08
B34: 7 | C34: Mantenimientos preventivos, Mantenimientos correctivos | D34: Mantenimiento preventivo de equipos sin garantía del inventario definidos en el anexo técnico Mantenimiento correctivos de los equipos sin garantía del inventario definidos en el anexo técnico, Debe cotizar de la siguiente forma: - El valor de los mantenimientros preventivos a realizar, es uno por año. - El valor de los mantenimientos correctivos, sin incluir repuestos, estos mantenimientos son por demanda durante la vigencía del contrato. - No es un valor mensualizado | F34: 1 | H34: 1.4137798e+08 | I34: =+H34*0.19 -> 26861817 | J34: =H34+I34 -> 1.682398e+08
B35: SUBTOTAL SERVICIOS | J35: =SUM(H28:H33)*G28+H34 -> 6.7193894e+09
B36: IVA DE SERVICIOS | J36: =+J35*0.19 -> 1.276684e+09
B37: TOTAL SERVICIOS | J37: =+J35+J36 -> 7.9960734e+09
B38: 8 | C38: Bolsa para recursos TIC | D38: Por demanda bolsa de horas especialistas Bolsa de repuesto | E38: GLOBAL | F38: 1 | G38: 9 | H38: 6000000 | J38: =+H38*G38 -> 54000000
B39: IVA DE BOLSA DE REPUESTOS | J39: =+J38*0.19 -> 10260000
B40: SUBTOTAL BOLSA DE REPUESTOS | J40: =+J38+J39 -> 64260000
B41: GRAN TOTAL SERVICIOS +BOLSA DE SERVICIOS E IMPUESTOS | J41: =+J37+J40 -> 8.0603334e+09
B42: FORMA DE PAGO Y PLAZO DE EJECUCIÓN: El DNP, pagará el valor del contrato a satisfacción de los soportes en mensualidades, el cual se efectuará dentro de los treinta (30) días hábiles siguientes a la radicación de la factura en el DNP, con el lleno de los requisitos legales y cumplimiento a satisfacción por parte del supervisor del contrato.
B43: IDENTIFICACIÓN DEL PROVEEDOR: GROW DATA S.A.S - NIT. 900.238.438-1 - GRAN EMPRESA
B44: OBSERVACIONES: (El proveedor podrá incluir en este campo las observaciones a la ficha técnica de las condiciones establecidas por el DNP, a fin de que la entidad pueda analizar y realizar los ajustes necesarios, si hay a lugar, del objeto a contratar)
B45: Coordinador OTSI GGU
B46: NOTA 1: El valor de la bolsa de recursos TIC es un valor fijo establecido por la entidad resultado de un análisis que comprende lo definido para el año 2025 y la necesidad adicional de recursos de horas de especialista NOTA 2: Tener en cuenta que para esta cotizacion el proveedor ha leido y entendido el anexo técnico, anexo de ANS y la matriz de roles y perfiles (documentos adjuntos al presente). La matriz de roles y perfiles contiene los valores salariales mínimos y respectiva carga prestacional de cada uno de los perfiles solicitados

Sheet EYC
D1: FORMATO COTIZACION
B8: JUSTIFICACION:
B9: El DNP en aras de garantizar su funcionamiento como Entidad Estatal, atiende sus necesidades y requerimientos en materia de TIC a través de la Oficina de Tecnología y Sistemas de Información. Dicha dependencia es la encargada de garantizar la disponibilidad y cobertura de servicios de TIC, los cuales se encuentran soportados sobre una infraestructura tecnológica estable, escalable y flexible, y dados los avances que se presentan constantemente en la materia, se ha propendido para que este siempre alineada en cuanto a la evolución que se vaya dando en cada uno de sus componentes. En ese orden de ideas, la Oficina de Tecnología y Sistemas de Información es la responsable de la infraestructura tecnológica, la cual se ha ido implementando y manteniendo a lo largo de los años, permitiendo que a través de los servicios de TIC que ella brinda, se pueda seguir optimizando la ejecución de procesos y procedimientos que se llevan a cabo por las dependencias y por ende aportando al cumplimiento de los objetivos estratégicos de la Entidad. Basados en lo anterior y dado el crecimiento constante de los últimos años a nivel tecnológico y de usuarios del DNP, la Entidad desde el año 2007 y hasta la fecha, efectúa tanto la recepción, atención, solución y cierre de solicitudes asociadas con servicios de TIC, como la gestión, administración, mantenimiento y soporte técnico de la infraestructura tecnológica que provee dichos servicios de TIC, a través del modelo de tercerización, mediante la contratación de un Centro de Servicios para la atención de requerimientos TIC a nivel 1 y 2. Para mantener la disponibilidad de los servicios tecnológicos y asegurar la protección de la información, se debe realizar un monitoreo 7X24 de la infraestructura tecnológica con los servicios de: Servicio Centro de Operaciones de Seguridad (SOC), sus herramientas y actividades asociadas a los análisis de vulnerabilidades, y Servicio Centro de Operaciones de Red (NOC)
B10: CLASIFICADOR DE BIENES Y SERVICIOS: (Nota. El proveedor podrá sugerir otros códigos que se relacionen con el bien y/o servicio a contratar)
B11: De acuerdo con la clasificación del Código Estándar de Productos y Servicios de Naciones Unidas, (UNSPSC), el servicio requerido por el Departamento Nacional de Planeación, identificados con los códigos: 81111800, 81111900, 81112000, 81112200, 43233200
B12: OBJETO:
B13: Prestar los servicios al Departamento Nacional de Planeación (DNP) y al Sistema General de Regalías (SGR) de Centro de Servicios de Soporte Tecnológico y Centro de Operación de Seguridad y de red (SOC/NOC), los cuales comprenden soporte técnico, mantenimiento preventivo y correctivo, monitoreo continuo de la seguridad informática, así como la administración y operación de la infraestructura tecnológica.
B14: ACTIVIDADES ESPECÍFICAS ESTIMADAS A DESARROLLAR: (Nota. En la publicacion del proceso la entidad podrá incluir actividades adicionales que tengan relacion directa con el objeto a contractual)
B15: * Servicio Centro de Operaciones de Seguridad (SOC), sus herramientas y actividades asociadas a los análisis de vulnerabilidades * Servicio Centro de Operaciones de Red (NOC) * Soporte y administración de servidores, Hardware y Software * Soporte, administración de la infraestructura tecnológica de los 2 Centros de Datos del DNP (soporte nivel 2) * Servicio de mesa de ayuda y Soporte mesa de servicios nivel 1 * Gestión de sistema operativo y de actualizaciones * Soporte y administración de plataforma de backup * Soporte y administración redes y seguridad * Soporte y administración correo electrónico * Soporte y administración de Directorio Activo * Soporte y administración de servicios de apoyo (DHCP, DNS, Proxy) * Bolsa de Recursos TIC
B16: DOCUMENTOS Y/O REQUERIMIENTOS TÉCNICOS ADICIONALES:
B17: REQUISITOS TÉCNICOS Los especificados en el Anexo Técnico y matriz de roles que se adjuntan
B18: MECANISMOS MÍNIMOS DE COBERTURA DEL CONTRATO. (Nota. Las garantías pueden ser modificadas de acuerdo al análisis del estudio sector y afinidad con el objeto a desarrollar)
B19: Riesgo | D19: Porcentaje | E19: Valor | F19: Vigencia
B20: Cumplimiento | D20: 0.2 | E20: Del contrato | F20: El plazo de ejecución del contrato y seis (6) meses más.
B21: Calidad del Servicio | D21: 0.2 | E21: Del contrato | F21: El plazo de ejecución del contrato y doce (12) meses más.
B22: Calidad y correcto funcionamiento de los bienes suministrados | D22: 0.2 | E22: Del contrato | F22: El plazo de ejecución del contrato y un (1) año más, contado a partir del recibo a satisfacción de los bienes suministrados
B23: Pago de salarios, prestaciones sociales e indemnizaciones laborales | D23: 0.1 | E23: Del contrato | F23: El plazo de ejecución del contrato y tres (3) meses más.
B24: Responsabilidad Civil Extracontractual | D24: 400 SMMLV | E24: Del contrato | F24: El plazo de ejecución del contrato
B25: ESPECIFICACIONES TÉCNICAS REQUERIDAS
B26: ITEM | C26: COMPONENTE | D26: DESCRIPCION | E26: UNIDAD | F26: CANTIDAD X MES | G26: TIEMPO MES | H26: VALOR MES | I26: IVA 19% | J26: VALOR TOTAL
B28: 1 | C28: Gestión de mesa de servicios | D28: Provisión de Recurso humano, recursos para la prestación de servicios y gestión para la atencion de la mesa de Servicios Nivel 1 | E28: GLOBAL | F28: 1 | G28: 9 | H28: 1.7935345e+08 | I28: =+H28*0.19 -> 34077155 | J28: =(H28+I28)*G28 -> 1.9208754e+09
B29: 2 | C29: Gestión de Infraestructura Tecnológica | D29: Provisión de Recurso humano, recursos para la prestación de servicios y gestión de la infraestructura tecnológica Nivel 2 | F29: 1 | H29: 2.7281348e+08 | I29: =+H29*0.19 -> 51834561 | J29: =(H29+I29)*G28 -> 2.9218324e+09
B30: 3 | C30: Centro de Operaciones de Seguridad (SOC) y Centro de Operaciones de Red (NOC) | D30: Servicios de SOC y Servicios de NOC Se deben sumar los valores de servicios de SOC Y NOC | F30: 1 | H30: 131743280 | I30: =+H30*0.19 -> 25031223 | J30: =(H30+I30)*G28 -> 1.4109705e+09
B31: 4 | C31: SIEM (Security Information and Event Management) para correlación de eventos | D31: Correlación de eventos, debe tener la capacidad de 8000 EPS y 550 Licencias, que deben ser suministradas por el contratista | F31: 1 | H31: 63385368 | I31: =+H31*0.19 -> 12043220 | J31: =(H31+I31)*G28 -> 6.7885729e+08
B32: 5 | C32: Herramienta de automatización y orquestación | D32: Solución de orquestación, automatización y remediación, licenciada que se integre con el SIEM Informar el nombre de la herramienta a utilizar | F32: 1 | H32: 39378726 | I32: =+H32*0.19 -> 7481957.9 | J32: =(H32+I32)*G28 -> 4.2174615e+08
B33: 6 | C33: Solución de emulación de adversarios. | D33: Una plataforma de emulación de amenazas y validación continua de seguridad, la cual deberá incluir como mínimo cinco (5) agentes de emulación licenciados y operativos Informar el nombre de la herramienta a utilizar | F33: 1 | H33: 44364416 | I33: =+H33*0.19 -> 8429239 | J33: =(H33+I33)*G28 -> 4.751429e+08
B34: 7 | C34: Mantenimientos preventivos, Mantenimientos correctivos | D34: Mantenimiento preventivo de equipos sin garantía del inventario definidos en el anexo técnico Mantenimiento correctivos de los equipos sin garantía del inventario definidos en el anexo técnico, Debe cotizar de la siguiente forma: - El valor de los mantenimientros preventivos a realizar, es uno por año. - El valor de los mantenimientos correctivos, sin incluir repuestos, estos mantenimientos son por demanda durante la vigencía del contrato. - No es un valor mensualizado | F34: 1 | H34: 141406720 | I34: =+H34*0.19 -> 26867277 | J34: =H34+I34 -> 1.68274e+08
B35: SUBTOTAL SERVICIOS | J35: =SUM(H28:H33)*G28+H34 -> 6.7207552e+09
B36: IVA DE SERVICIOS | J36: =+J35*0.19 -> 1.2769435e+09
B37: TOTAL SERVICIOS | J37: =+J35+J36 -> 7.9976986e+09
B38: 8 | C38: Bolsa para recursos TIC | D38: Por demanda bolsa de horas especialistas Bolsa de repuesto | E38: GLOBAL | F38: 1 | G38: 9 | H38: 6000000 | J38: =+H38*G38 -> 54000000
B39: IVA DE BOLSA DE REPUESTOS | J39: =+J38*0.19 -> 10260000
B40: SUBTOTAL BOLSA DE REPUESTOS | J40: =+J38+J39 -> 64260000
B41: GRAN TOTAL SERVICIOS +BOLSA DE SERVICIOS E IMPUESTOS | J41: =+J37+J40 -> 8.0619586e+09
B42: FORMA DE PAGO Y PLAZO DE EJECUCIÓN: El DNP, pagará el valor del contrato a satisfacción de los soportes en mensualidades, el cual se efectuará dentro de los treinta (30) días hábiles siguientes a la radicación de la factura en el DNP, con el lleno de los requisitos legales y cumplimiento a satisfacción por parte del supervisor del contrato.
B43: IDENTIFICACIÓN DEL PROVEEDOR: MEDIANA EMPRESA, E&C INGENIEROS SAS NIT 900024202-1 (El proveedor deberá indicar el tamaño empresarial al cual pertenece, es decir, si es micro, pequeña, mediana o gran empresa. Opcional: De ser posible remitir una copia del certificado de existencia y representacion legal).
B44: OBSERVACIONES: N/A (El proveedor podrá incluir en este campo las observaciones a la ficha técnica de las condiciones establecidas por el DNP, a fin de que la entidad pueda analizar y realizar los ajustes necesarios, si hay a lugar, del objeto a contratar)
B45: Coordinador OTSI GGU
B46: NOTA 1: El valor de la bolsa de recursos TIC es un valor fijo establecido por la entidad resultado de un análisis que comprende lo definido para el año 2025 y la necesidad adicional de recursos de horas de especialista NOTA 2: Tener en cuenta que para esta cotizacion el proveedor ha leido y entendido el anexo técnico, anexo de ANS y la matriz de roles y perfiles (documentos adjuntos al presente). La matriz de roles y perfiles contiene los valores salariales mínimos y respectiva carga prestacional de cada uno de los perfiles solicitados

Sheet HEIMCORE
D1: FORMATO COTIZACION
B8: JUSTIFICACION:
B9: El DNP en aras de garantizar su funcionamiento como Entidad Estatal, atiende sus necesidades y requerimientos en materia de TIC a través de la Oficina de Tecnología y Sistemas de Información. Dicha dependencia es la encargada de garantizar la disponibilidad y cobertura de servicios de TIC, los cuales se encuentran soportados sobre una infraestructura tecnológica estable, escalable y flexible, y dados los avances que se presentan constantemente en la materia, se ha propendido para que este siempre alineada en cuanto a la evolución que se vaya dando en cada uno de sus componentes. En ese orden de ideas, la Oficina de Tecnología y Sistemas de Información es la responsable de la infraestructura tecnológica, la cual se ha ido implementando y manteniendo a lo largo de los años, permitiendo que a través de los servicios de TIC que ella brinda, se pueda seguir optimizando la ejecución de procesos y procedimientos que se llevan a cabo por las dependencias y por ende aportando al cumplimiento de los objetivos estratégicos de la Entidad. Basados en lo anterior y dado el crecimiento constante de los últimos años a nivel tecnológico y de usuarios del DNP, la Entidad desde el año 2007 y hasta la fecha, efectúa tanto la recepción, atención, solución y cierre de solicitudes asociadas con servicios de TIC, como la gestión, administración, mantenimiento y soporte técnico de la infraestructura tecnológica que provee dichos servicios de TIC, a través del modelo de tercerización, mediante la contratación de un Centro de Servicios para la atención de requerimientos TIC a nivel 1 y 2. Para mantener la disponibilidad de los servicios tecnológicos y asegurar la protección de la información, se debe realizar un monitoreo 7X24 de la infraestructura tecnológica con los servicios de: Servicio Centro de Operaciones de Seguridad (SOC), sus herramientas y actividades asociadas a los análisis de vulnerabilidades, y Servicio Centro de Operaciones de Red (NOC)
B10: CLASIFICADOR DE BIENES Y SERVICIOS: (Nota. El proveedor podrá sugerir otros códigos que se relacionen con el bien y/o servicio a contratar)
B11: De acuerdo con la clasificación del Código Estándar de Productos y Servicios de Naciones Unidas, (UNSPSC), el servicio requerido por el Departamento Nacional de Planeación, identificados con los códigos: 81111800, 81111900, 81112000, 81112200, 43233200
B12: OBJETO:
B13: Prestar los servicios al Departamento Nacional de Planeación (DNP) y al Sistema General de Regalías (SGR) de Centro de Servicios de Soporte Tecnológico y Centro de Operación de Seguridad y de red (SOC/NOC), los cuales comprenden soporte técnico, mantenimiento preventivo y correctivo, monitoreo continuo de la seguridad informática, así como la administración y operación de la infraestructura tecnológica.
B14: ACTIVIDADES ESPECÍFICAS ESTIMADAS A DESARROLLAR: (Nota. En la publicacion del proceso la entidad podrá incluir actividades adicionales que tengan relacion directa con el objeto a contractual)
B15: * Servicio Centro de Operaciones de Seguridad (SOC), sus herramientas y actividades asociadas a los análisis de vulnerabilidades * Servicio Centro de Operaciones de Red (NOC) * Soporte y administración de servidores, Hardware y Software * Soporte, administración de la infraestructura tecnológica de los 2 Centros de Datos del DNP (soporte nivel 2) * Servicio de mesa de ayuda y Soporte mesa de servicios nivel 1 * Gestión de sistema operativo y de actualizaciones * Soporte y administración de plataforma de backup * Soporte y administración redes y seguridad * Soporte y administración correo electrónico * Soporte y administración de Directorio Activo * Soporte y administración de servicios de apoyo (DHCP, DNS, Proxy) * Bolsa de Recursos TIC
B16: DOCUMENTOS Y/O REQUERIMIENTOS TÉCNICOS ADICIONALES:
B17: REQUISITOS TÉCNICOS Los especificados en el Anexo Técnico y matriz de roles que se adjuntan
B18: MECANISMOS MÍNIMOS DE COBERTURA DEL CONTRATO. (Nota. Las garantías pueden ser modificadas de acuerdo al análisis del estudio sector y afinidad con el objeto a desarrollar)
B19: Riesgo | D19: Porcentaje | E19: Valor | F19: Vigencia
B20: Cumplimiento | D20: 0.2 | E20: Del contrato | F20: El plazo de ejecución del contrato y seis (6) meses más.
B21: Calidad del Servicio | D21: 0.2 | E21: Del contrato | F21: El plazo de ejecución del contrato y doce (12) meses más.
B22: Calidad y correcto funcionamiento de los bienes suministrados | D22: 0.2 | E22: Del contrato | F22: El plazo de ejecución del contrato y un (1) año más, contado a partir del recibo a satisfacción de los bienes suministrados
B23: Pago de salarios, prestaciones sociales e indemnizaciones laborales | D23: 0.1 | E23: Del contrato | F23: El plazo de ejecución del contrato y tres (3) meses más.
B24: Responsabilidad Civil Extracontractual | D24: 400 SMMLV | E24: Del contrato | F24: El plazo de ejecución del contrato
B25: ESPECIFICACIONES TÉCNICAS REQUERIDAS
B26: ITEM | C26: COMPONENTE | D26: DESCRIPCION | E26: UNIDAD | F26: CANTIDAD X MES | G26: TIEMPO MES | H26: VALOR MES | I26: IVA 19% | J26: VALOR TOTAL
B28: 1 | C28: Gestión de mesa de servicios | D28: Provisión de Recurso humano, recursos para la prestación de servicios y gestión para la atencion de la mesa de Servicios Nivel 1 | E28: GLOBAL | F28: 1 | G28: 9 | H28: 1.9139582e+08 | I28: =+H28*0.19 -> 36365207 | J28: =(H28+I28)*G28 -> 2.0498493e+09
B29: 2 | C29: Gestión de Infraestructura Tecnológica | D29: Provisión de Recurso humano, recursos para la prestación de servicios y gestión de la infraestructura tecnológica Nivel 2 | F29: 1 | H29: 2.9113107e+08 | I29: =+H29*0.19 -> 55314903 | J29: =(H29+I29)*G28 -> 3.1180138e+09
B30: 3 | C30: Centro de Operaciones de Seguridad (SOC) y Centro de Operaciones de Red (NOC) | D30: Servicios de SOC y Servicios de NOC Se deben sumar los valores de servicios de SOC Y NOC | F30: 1 | H30: 1.4058896e+08 | I30: =+H30*0.19 -> 26711902 | J30: =(H30+I30)*G28 -> 1.5057077e+09
B31: 4 | C31: SIEM (Security Information and Event Management) para correlación de eventos | D31: Correlación de eventos, debe tener la capacidad de 8000 EPS y 550 Licencias, que deben ser suministradas por el contratista | F31: 1 | H31: 67641269 | I31: =+H31*0.19 -> 12851841 | J31: =(H31+I31)*G28 -> 7.2443799e+08
B32: 5 | C32: Herramienta de automatización y orquestación | D32: Solución de orquestación, automatización y remediación, licenciada que se integre con el SIEM Informar el nombre de la herramienta a utilizar | F32: 1 | H32: 42022742 | I32: =+H32*0.19 -> 7984321.1 | J32: =(H32+I32)*G28 -> 4.5006357e+08
B33: 6 | C33: Solución de emulación de adversarios. | D33: Una plataforma de emulación de amenazas y validación continua de seguridad, la cual deberá incluir como mínimo cinco (5) agentes de emulación licenciados y operativos Informar el nombre de la herramienta a utilizar | F33: 1 | H33: 47343188 | I33: =+H33*0.19 -> 8995205.8 | J33: =(H33+I33)*G28 -> 5.0704555e+08
B34: 7 | C34: Mantenimientos preventivos, Mantenimientos correctivos | D34: Mantenimiento preventivo de equipos sin garantía del inventario definidos en el anexo técnico Mantenimiento correctivos de los equipos sin garantía del inventario definidos en el anexo técnico, Debe cotizar de la siguiente forma: - El valor de los mantenimientros preventivos a realizar, es uno por año. - El valor de los mantenimientos correctivos, sin incluir repuestos, estos mantenimientos son por demanda durante la vigencía del contrato. - No es un valor mensualizado | F34: 1 | H34: 1.5090123e+08 | I34: =+H34*0.19 -> 28671234 | J34: =H34+I34 -> 1.7957246e+08
B35: SUBTOTAL SERVICIOS | J35: =SUM(H28:H33)*G28+H34 -> 7.1720087e+09
B36: IVA DE SERVICIOS | J36: =+J35*0.19 -> 1.3626816e+09
B37: TOTAL SERVICIOS | J37: =+J35+J36 -> 8.5346903e+09
B38: 8 | C38: Bolsa para recursos TIC | D38: Por demanda bolsa de horas especialistas Bolsa de repuesto | E38: GLOBAL | F38: 1 | G38: 9 | H38: 6000000 | J38: =+H38*G38 -> 54000000
B39: IVA DE BOLSA DE REPUESTOS | J39: =+J38*0.19 -> 10260000
B40: SUBTOTAL BOLSA DE REPUESTOS | J40: =+J38+J39 -> 64260000
B41: GRAN TOTAL SERVICIOS +BOLSA DE SERVICIOS E IMPUESTOS | J41: =+J37+J40 -> 8.5989503e+09
B42: FORMA DE PAGO Y PLAZO DE EJECUCIÓN: El DNP, pagará el valor del contrato a satisfacción de los soportes en mensualidades, el cual se efectuará dentro de los treinta (30) días hábiles siguientes a la radicación de la factura en el DNP, con el lleno de los requisitos legales y cumplimiento a satisfacción por parte del supervisor del contrato.
B43: IDENTIFICACIÓN DEL PROVEEDOR: HEIMCORE SAS - NIT 900.425.697-2
B44: OBSERVACIONES: (El proveedor podrá incluir en este campo las observaciones a la ficha técnica de las condiciones establecidas por el DNP, a fin de que la entidad pueda analizar y realizar los ajustes necesarios, si hay a lugar, del objeto a contratar)
B45: Coordinador OTSI GGU
B46: NOTA 1: El valor de la bolsa de recursos TIC es un valor fijo establecido por la entidad resultado de un análisis que comprende lo definido para el año 2025 y la necesidad adicional de recursos de horas de especialista NOTA 2: Tener en cuenta que para esta cotizacion el proveedor ha leido y entendido el anexo técnico, anexo de ANS y la matriz de roles y perfiles (documentos adjuntos al presente). La matriz de roles y perfiles contiene los valores salariales mínimos y respectiva carga prestacional de cada uno de los perfiles solicitados

Sheet WEXLER
D1: FORMATO COTIZACION
B8: JUSTIFICACION:
B9: El DNP en aras de garantizar su funcionamiento como Entidad Estatal, atiende sus necesidades y requerimientos en materia de TIC a través de la Oficina de Tecnología y Sistemas de Información. Dicha dependencia es la encargada de garantizar la disponibilidad y cobertura de servicios de TIC, los cuales se encuentran soportados sobre una infraestructura tecnológica estable, escalable y flexible, y dados los avances que se presentan constantemente en la materia, se ha propendido para que este siempre alineada en cuanto a la evolución que se vaya dando en cada uno de sus componentes. En ese orden de ideas, la Oficina de Tecnología y Sistemas de Información es la responsable de la infraestructura tecnológica, la cual se ha ido implementando y manteniendo a lo largo de los años, permitiendo que a través de los servicios de TIC que ella brinda, se pueda seguir optimizando la ejecución de procesos y procedimientos que se llevan a cabo por las dependencias y por ende aportando al cumplimiento de los objetivos estratégicos de la Entidad. Basados en lo anterior y dado el crecimiento constante de los últimos años a nivel tecnológico y de usuarios del DNP, la Entidad desde el año 2007 y hasta la fecha, efectúa tanto la recepción, atención, solución y cierre de solicitudes asociadas con servicios de TIC, como la gestión, administración, mantenimiento y soporte técnico de la infraestructura tecnológica que provee dichos servicios de TIC, a través del modelo de tercerización, mediante la contratación de un Centro de Servicios para la atención de requerimientos TIC a nivel 1 y 2. Para mantener la disponibilidad de los servicios tecnológicos y asegurar la protección de la información, se debe realizar un monitoreo 7X24 de la infraestructura tecnológica con los servicios de: Servicio Centro de Operaciones de Seguridad (SOC), sus herramientas y actividades asociadas a los análisis de vulnerabilidades, y Servicio Centro de Operaciones de Red (NOC)
B10: CLASIFICADOR DE BIENES Y SERVICIOS: (Nota. El proveedor podrá sugerir otros códigos que se relacionen con el bien y/o servicio a contratar)
B11: De acuerdo con la clasificación del Código Estándar de Productos y Servicios de Naciones Unidas, (UNSPSC), el servicio requerido por el Departamento Nacional de Planeación, identificados con los códigos: 81111800, 81111900, 81112000, 81112200, 43233200
B12: OBJETO:
B13: Prestar los servicios al Departamento Nacional de Planeación (DNP) y al Sistema General de Regalías (SGR) de Centro de Servicios de Soporte Tecnológico y Centro de Operación de Seguridad y de red (SOC/NOC), los cuales comprenden soporte técnico, mantenimiento preventivo y correctivo, monitoreo continuo de la seguridad informática, así como la administración y operación de la infraestructura tecnológica.
B14: ACTIVIDADES ESPECÍFICAS ESTIMADAS A DESARROLLAR: (Nota. En la publicacion del proceso la entidad podrá incluir actividades adicionales que tengan relacion directa con el objeto a contractual)
B15: * Servicio Centro de Operaciones de Seguridad (SOC), sus herramientas y actividades asociadas a los análisis de vulnerabilidades * Servicio Centro de Operaciones de Red (NOC) * Soporte y administración de servidores, Hardware y Software * Soporte, administración de la infraestructura tecnológica de los 2 Centros de Datos del DNP (soporte nivel 2) * Servicio de mesa de ayuda y Soporte mesa de servicios nivel 1 * Gestión de sistema operativo y de actualizaciones * Soporte y administración de plataforma de backup * Soporte y administración redes y seguridad * Soporte y administración correo electrónico * Soporte y administración de Directorio Activo * Soporte y administración de servicios de apoyo (DHCP, DNS, Proxy) * Bolsa de Recursos TIC
B16: DOCUMENTOS Y/O REQUERIMIENTOS TÉCNICOS ADICIONALES:
B17: REQUISITOS TÉCNICOS Los especificados en el Anexo Técnico y matriz de roles que se adjuntan
B18: MECANISMOS MÍNIMOS DE COBERTURA DEL CONTRATO. (Nota. Las garantías pueden ser modificadas de acuerdo al análisis del estudio sector y afinidad con el objeto a desarrollar)
B19: Riesgo | D19: Porcentaje | E19: Valor | F19: Vigencia
B20: Cumplimiento | D20: 0.2 | E20: Del contrato | F20: El plazo de ejecución del contrato y seis (6) meses más.
B21: Calidad del Servicio | D21: 0.2 | E21: Del contrato | F21: El plazo de ejecución del contrato y doce (12) meses más.
B22: Calidad y correcto funcionamiento de los bienes suministrados | D22: 0.2 | E22: Del contrato | F22: El plazo de ejecución del contrato y un (1) año más, contado a partir del recibo a satisfacción de los bienes suministrados
B23: Pago de salarios, prestaciones sociales e indemnizaciones laborales | D23: 0.1 | E23: Del contrato | F23: El plazo de ejecución del contrato y tres (3) meses más.
B24: Responsabilidad Civil Extracontractual | D24: 400 SMMLV | E24: Del contrato | F24: El plazo de ejecución del contrato
B25: ESPECIFICACIONES TÉCNICAS REQUERIDAS
B26: ITEM | C26: COMPONENTE | D26: DESCRIPCION | E26: UNIDAD | F26: CANTIDAD X MES | G26: TIEMPO MES | H26: VALOR MES | I26: IVA 19% | J26: VALOR TOTAL
B28: 1 | C28: Gestión de mesa de servicios | D28: Provisión de Recurso humano, recursos para la prestación de servicios y gestión para la atencion de la mesa de Servicios Nivel 1 | E28: GLOBAL | F28: 1 | G28: 9 | H28: 1.9178368e+08 | I28: =+H28*0.19 -> 36438899 | J28: =(H28+I28)*G28 -> 2.0540032e+09
B29: 2 | C29: Gestión de Infraestructura Tecnológica | D29: Provisión de Recurso humano, recursos para la prestación de servicios y gestión de la infraestructura tecnológica Nivel 2 | F29: 1 | H29: 2.9172103e+08 | I29: =+H29*0.19 -> 55426996 | J29: =(H29+I29)*G28 -> 3.1243322e+09
B30: 3 | C30: Centro de Operaciones de Seguridad (SOC) y Centro de Operaciones de Red (NOC) | D30: Servicios de SOC y Servicios de NOC Se deben sumar los valores de servicios de SOC Y NOC | F30: 1 | H30: 1.4087385e+08 | I30: =+H30*0.19 -> 26766032 | J30: =(H30+I30)*G28 -> 1.5087589e+09
B31: 4 | C31: SIEM (Security Information and Event Management) para correlación de eventos | D31: Correlación de eventos, debe tener la capacidad de 8000 EPS y 550 Licencias, que deben ser suministradas por el contratista | F31: 1 | H31: 67778340 | I31: =+H31*0.19 -> 12877885 | J31: =(H31+I31)*G28 -> 7.2590602e+08
B32: 5 | C32: Herramienta de automatización y orquestación | D32: Solución de orquestación, automatización y remediación, licenciada que se integre con el SIEM Informar el nombre de la herramienta a utilizar | F32: 1 | H32: 42107899 | I32: =+H32*0.19 -> 8000500.8 | J32: =(H32+I32)*G28 -> 4.509756e+08
B33: 6 | C33: Solución de emulación de adversarios. | D33: Una plataforma de emulación de amenazas y validación continua de seguridad, la cual deberá incluir como mínimo cinco (5) agentes de emulación licenciados y operativos Informar el nombre de la herramienta a utilizar | F33: 1 | H33: 47439126 | I33: =+H33*0.19 -> 9013434 | J33: =(H33+I33)*G28 -> 5.0807304e+08
B34: 7 | C34: Mantenimientos preventivos, Mantenimientos correctivos | D34: Mantenimiento preventivo de equipos sin garantía del inventario definidos en el anexo técnico Mantenimiento correctivos de los equipos sin garantía del inventario definidos en el anexo técnico, Debe cotizar de la siguiente forma: - El valor de los mantenimientros preventivos a realizar, es uno por año. - El valor de los mantenimientos correctivos, sin incluir repuestos, estos mantenimientos son por demanda durante la vigencía del contrato. - No es un valor mensualizado | F34: 1 | H34: 1.5120702e+08 | I34: =+H34*0.19 -> 28729334 | J34: =H34+I34 -> 1.7993636e+08
B35: SUBTOTAL SERVICIOS | J35: =SUM(H28:H33)*G28+H34 -> 7.1865423e+09
B36: IVA DE SERVICIOS | J36: =+J35*0.19 -> 1.365443e+09
B37: TOTAL SERVICIOS | J37: =+J35+J36 -> 8.5519854e+09
B38: 8 | C38: Bolsa para recursos TIC | D38: Por demanda bolsa de horas especialistas Bolsa de repuesto | E38: GLOBAL | F38: 1 | G38: 9 | H38: 6000000 | J38: =+H38*G38 -> 54000000
B39: IVA DE BOLSA DE REPUESTOS | J39: =+J38*0.19 -> 10260000
B40: SUBTOTAL BOLSA DE REPUESTOS | J40: =+J38+J39 -> 64260000
B41: GRAN TOTAL SERVICIOS +BOLSA DE SERVICIOS E IMPUESTOS | J41: =+J37+J40 -> 8.6162454e+09
B42: FORMA DE PAGO Y PLAZO DE EJECUCIÓN: El DNP, pagará el valor del contrato a satisfacción de los soportes en mensualidades, el cual se efectuará dentro de los treinta (30) días hábiles siguientes a la radicación de la factura en el DNP, con el lleno de los requisitos legales y cumplimiento a satisfacción por parte del supervisor del contrato.
B43: IDENTIFICACIÓN DEL PROVEEDOR: (El proveedor deberá indicar el tamaño empresarial al cual pertenece, es decir, si es micro, pequeña, mediana o gran empresa. Opcional: De ser posible remitir una copia del certificado de existencia y representacion legal).
B44: OBSERVACIONES: (El proveedor podrá incluir en este campo las observaciones a la ficha técnica de las condiciones establecidas por el DNP, a fin de que la entidad pueda analizar y realizar los ajustes necesarios, si hay a lugar, del objeto a contratar)
B45: Coordinador OTSI GGU
B46: NOTA 1: El valor de la bolsa de recursos TIC es un valor fijo establecido por la entidad resultado de un análisis que comprende lo definido para el año 2025 y la necesidad adicional de recursos de horas de especialista NOTA 2: Tener en cuenta que para esta cotizacion el proveedor ha leido y entendido el anexo técnico, anexo de ANS y la matriz de roles y perfiles (documentos adjuntos al presente). La matriz de roles y perfiles contiene los valores salariales mínimos y respectiva carga prestacional de cada uno de los perfiles solicitados
B47: NOMBRE: WEXLER S.A.S.
B48: NIT: 900.390.198-6

Sheet OPEN GROUP
D1: FORMATO COTIZACION
B8: JUSTIFICACION:
B9: El DNP en aras de garantizar su funcionamiento como Entidad Estatal, atiende sus necesidades y requerimientos en materia de TIC a través de la Oficina de Tecnología y Sistemas de Información. Dicha dependencia es la encargada de garantizar la disponibilidad y cobertura de servicios de TIC, los cuales se encuentran soportados sobre una infraestructura tecnológica estable, escalable y flexible, y dados los avances que se presentan constantemente en la materia, se ha propendido para que este siempre alineada en cuanto a la evolución que se vaya dando en cada uno de sus componentes. En ese orden de ideas, la Oficina de Tecnología y Sistemas de Información es la responsable de la infraestructura tecnológica, la cual se ha ido implementando y manteniendo a lo largo de los años, permitiendo que a través de los servicios de TIC que ella brinda, se pueda seguir optimizando la ejecución de procesos y procedimientos que se llevan a cabo por las dependencias y por ende aportando al cumplimiento de los objetivos estratégicos de la Entidad. Basados en lo anterior y dado el crecimiento constante de los últimos años a nivel tecnológico y de usuarios del DNP, la Entidad desde el año 2007 y hasta la fecha, efectúa tanto la recepción, atención, solución y cierre de solicitudes asociadas con servicios de TIC, como la gestión, administración, mantenimiento y soporte técnico de la infraestructura tecnológica que provee dichos servicios de TIC, a través del modelo de tercerización, mediante la contratación de un Centro de Servicios para la atención de requerimientos TIC a nivel 1 y 2. Para mantener la disponibilidad de los servicios tecnológicos y asegurar la protección de la información, se debe realizar un monitoreo 7X24 de la infraestructura tecnológica con los servicios de: Servicio Centro de Operaciones de Seguridad (SOC), sus herramientas y actividades asociadas a los análisis de vulnerabilidades, y Servicio Centro de Operaciones de Red (NOC)
B10: CLASIFICADOR DE BIENES Y SERVICIOS: (Nota. El proveedor podrá sugerir otros códigos que se relacionen con el bien y/o servicio a contratar)
B11: De acuerdo con la clasificación del Código Estándar de Productos y Servicios de Naciones Unidas, (UNSPSC), el servicio requerido por el Departamento Nacional de Planeación, identificados con los códigos: 81111800, 81111900, 81112000, 81112200, 43233200
B12: OBJETO:
B13: Prestar los servicios al Departamento Nacional de Planeación (DNP) y al Sistema General de Regalías (SGR) de Centro de Servicios de Soporte Tecnológico y Centro de Operación de Seguridad y de red (SOC/NOC), los cuales comprenden soporte técnico, mantenimiento preventivo y correctivo, monitoreo continuo de la seguridad informática, así como la administración y operación de la infraestructura tecnológica.
B14: ACTIVIDADES ESPECÍFICAS ESTIMADAS A DESARROLLAR: (Nota. En la publicacion del proceso la entidad podrá incluir actividades adicionales que tengan relacion directa con el objeto a contractual)
B15: * Servicio Centro de Operaciones de Seguridad (SOC), sus herramientas y actividades asociadas a los análisis de vulnerabilidades * Servicio Centro de Operaciones de Red (NOC) * Soporte y administración de servidores, Hardware y Software * Soporte, administración de la infraestructura tecnológica de los 2 Centros de Datos del DNP (soporte nivel 2) * Servicio de mesa de ayuda y Soporte mesa de servicios nivel 1 * Gestión de sistema operativo y de actualizaciones * Soporte y administración de plataforma de backup * Soporte y administración redes y seguridad * Soporte y administración correo electrónico * Soporte y administración de Directorio Activo * Soporte y administración de servicios de apoyo (DHCP, DNS, Proxy) * Bolsa de Recursos TIC
B16: DOCUMENTOS Y/O REQUERIMIENTOS TÉCNICOS ADICIONALES:
B17: REQUISITOS TÉCNICOS Los especificados en el Anexo Técnico y matriz de roles que se adjuntan
B18: MECANISMOS MÍNIMOS DE COBERTURA DEL CONTRATO. (Nota. Las garantías pueden ser modificadas de acuerdo al análisis del estudio sector y afinidad con el objeto a desarrollar)
B19: Riesgo | D19: Porcentaje | E19: Valor | F19: Vigencia
B20: Cumplimiento | D20: 0.2 | E20: Del contrato | F20: El plazo de ejecución del contrato y seis (6) meses más.
B21: Calidad del Servicio | D21: 0.2 | E21: Del contrato | F21: El plazo de ejecución del contrato y doce (12) meses más.
B22: Calidad y correcto funcionamiento de los bienes suministrados | D22: 0.2 | E22: Del contrato | F22: El plazo de ejecución del contrato y un (1) año más, contado a partir del recibo a satisfacción de los bienes suministrados
B23: Pago de salarios, prestaciones sociales e indemnizaciones laborales | D23: 0.1 | E23: Del contrato | F23: El plazo de ejecución del contrato y tres (3) meses más.
B24: Responsabilidad Civil Extracontractual | D24: 400 SMMLV | E24: Del contrato | F24: El plazo de ejecución del contrato
B25: ESPECIFICACIONES TÉCNICAS REQUERIDAS
B26: ITEM | C26: COMPONENTE | D26: DESCRIPCION | E26: UNIDAD | F26: CANTIDAD X MES | G26: TIEMPO MES | H26: VALOR MES | I26: IVA 19% | J26: VALOR TOTAL
B28: 1 | C28: Gestión de mesa de servicios | D28: Provisión de Recurso humano, recursos para la prestación de servicios y gestión para la atencion de la mesa de Servicios Nivel 1 | E28: GLOBAL | F28: 1 | G28: 9 | H28: 1.9730595e+08 | I28: =+H28*0.19 -> 37488131 | J28: =(H28+I28)*G28 -> 2.1131468e+09
B29: 2 | C29: Gestión de Infraestructura Tecnológica | D29: Provisión de Recurso humano, recursos para la prestación de servicios y gestión de la infraestructura tecnológica Nivel 2 | F29: 1 | H29: 3.0012093e+08 | I29: =+H29*0.19 -> 57022977 | J29: =(H29+I29)*G28 -> 3.2142952e+09
B30: 3 | C30: Centro de Operaciones de Seguridad (SOC) y Centro de Operaciones de Red (NOC) | D30: Servicios de SOC y Servicios de NOC Se deben sumar los valores de servicios de SOC Y NOC | F30: 1 | H30: 1.4493021e+08 | I30: =+H30*0.19 -> 27536741 | J30: =(H30+I30)*G28 -> 1.5522026e+09
B31: 4 | C31: SIEM (Security Information and Event Management) para correlación de eventos | D31: Correlación de eventos, debe tener la capacidad de 8000 EPS y 550 Licencias, que deben ser suministradas por el contratista | F31: 1 | H31: 69729970 | I31: =+H31*0.19 -> 13248694 | J31: =(H31+I31)*G28 -> 7.4680798e+08
B32: 5 | C32: Herramienta de automatización y orquestación | D32: Solución de orquestación, automatización y remediación, licenciada que se integre con el SIEM Informar el nombre de la herramienta a utilizar | F32: 1 | H32: 43320366 | I32: =+H32*0.19 -> 8230869.6 | J32: =(H32+I32)*G28 -> 4.6396113e+08
B33: 6 | C33: Solución de emulación de adversarios. | D33: Una plataforma de emulación de amenazas y validación continua de seguridad, la cual deberá incluir como mínimo cinco (5) agentes de emulación licenciados y operativos Informar el nombre de la herramienta a utilizar | F33: 1 | H33: 48805103 | I33: =+H33*0.19 -> 9272969.5 | J33: =(H33+I33)*G28 -> 5.2270265e+08
B34: 7 | C34: Mantenimientos preventivos, Mantenimientos correctivos | D34: Mantenimiento preventivo de equipos sin garantía del inventario definidos en el anexo técnico Mantenimiento correctivos de los equipos sin garantía del inventario definidos en el anexo técnico, Debe cotizar de la siguiente forma: - El valor de los mantenimientros preventivos a realizar, es uno por año. - El valor de los mantenimientos correctivos, sin incluir repuestos, estos mantenimientos son por demanda durante la vigencía del contrato. - No es un valor mensualizado | F34: 1 | H34: 1.5556092e+08 | I34: =+H34*0.19 -> 29556575 | J34: =H34+I34 -> 1.851175e+08
B35: SUBTOTAL SERVICIOS | J35: =SUM(H28:H33)*G28+H34 -> 7.3934738e+09
B36: IVA DE SERVICIOS | J36: =+J35*0.19 -> 1.40476e+09
B37: TOTAL SERVICIOS | J37: =+J35+J36 -> 8.7982338e+09
B38: 8 | C38: Bolsa para recursos TIC | D38: Por demanda bolsa de horas especialistas Bolsa de repuesto | E38: GLOBAL | F38: 1 | G38: 9 | H38: 6000000 | J38: =+H38*G38 -> 54000000
B39: IVA DE BOLSA DE REPUESTOS | J39: =+J38*0.19 -> 10260000
B40: SUBTOTAL BOLSA DE REPUESTOS | J40: =+J38+J39 -> 64260000
B41: GRAN TOTAL SERVICIOS +BOLSA DE SERVICIOS E IMPUESTOS | J41: =+J37+J40 -> 8.8624938e+09
B42: FORMA DE PAGO Y PLAZO DE EJECUCIÓN: El DNP, pagará el valor del contrato a satisfacción de los soportes en mensualidades, el cual se efectuará dentro de los treinta (30) días hábiles siguientes a la radicación de la factura en el DNP, con el lleno de los requisitos legales y cumplimiento a satisfacción por parte del supervisor del contrato.
B43: IDENTIFICACIÓN DEL PROVEEDOR: OPEN GROUP S.A.S. NIT 900249043-1
B44: OBSERVACIONES: (El proveedor podrá incluir en este campo las observaciones a la ficha técnica de las condiciones establecidas por el DNP, a fin de que la entidad pueda analizar y realizar los ajustes necesarios, si hay a lugar, del objeto a contratar)
B45: Coordinador OTSI GGU
B46: NOTA 1: El valor de la bolsa de recursos TIC es un valor fijo establecido por la entidad resultado de un análisis que comprende lo definido para el año 2025 y la necesidad adicional de recursos de horas de especialista NOTA 2: Tener en cuenta que para esta cotizacion el proveedor ha leido y entendido el anexo técnico, anexo de ANS y la matriz de roles y perfiles (documentos adjuntos al presente). La matriz de roles y perfiles contiene los valores salariales mínimos y respectiva carga prestacional de cada uno de los perfiles solicitados

Sheet Consolidado 2026_8,67 meses
B1: Proceso de Cotización:
B2: SECOP II: DNP-SIP-001-2026 : 8 COTIZACIONES | I2: COINSA | L2: TSG | O2: DATASEC | R2: GROW DATA | U2: EYC | X2: HEIMCORE | AA2: WEXLER | AD2: OPEN GROUP
I3: COTIZANTE 1 | L3: COTIZANTE 2 | O3: COTIZANTE 3 | R3: COTIZANTE 4 | U3: COTIZANTE 5 | X3: COTIZANTE 6 | AA3: COTIZANTE 7 | AD3: COTIZANTE 8
C4: ITEM | D4: COMPONENTE | E4: DESCRIPCION | F4: UNIDAD | G4: CANTIDAD X MES | H4: TIEMPO MES (8 MESES Y 20 DÍAS) | I4: VALOR MES | J4: IVA 19% | K4: VALOR TOTAL | L4: VALOR MES | M4: IVA 19% | N4: VALOR TOTAL | O4: VALOR MES | P4: IVA 19% | Q4: VALOR TOTAL | R4: VALOR MES | S4: IVA 19% | T4: VALOR TOTAL | U4: VALOR MES | V4: IVA 19% | W4: VALOR TOTAL | X4: VALOR MES | Y4: IVA 19% | Z4: VALOR TOTAL | AA4: VALOR MES | AB4: IVA 19% | AC4: VALOR TOTAL | AD4: VALOR MES | AE4: IVA 19% | AF4: VALOR TOTAL
C5: 1 | D5: Gestión de mesa de servicios | E5: Provisión de Recurso humano, recursos para la prestación de servicios y gestión para la atencion de la mesa de Servicios Nivel 1 | F5: GLOBAL | G5: 1 | H5: 8.67 | I5: =COINSA!H28 -> 1.758448e+08 | J5: =I5*19% -> 33410512 | K5: =(I5+J5)*$H$5 -> 1.8142435e+09 | L5: =TSG!H28 -> 177931812 | M5: =L5*19% -> 33807044 | N5: =(L5+M5)*$H$5 -> 1.8357759e+09 | O5: =DATASEC!$H$28 -> 1.7889221e+08 | P5: =O5*19% -> 33989520 | Q5: =(O5+P5)*$H$5 -> 1.8456846e+09 | R5: ='GROW DATA'!H28 -> 1.79317e+08 | S5: =R5*19% -> 34070230 | T5: =(R5+S5)*$H$5 -> 1.8500673e+09 | U5: =EYC!$H$28 -> 1.7935345e+08 | V5: =U5*19% -> 34077155 | W5: =(U5+V5)*$H$5 -> 1.8504433e+09 | X5: =HEIMCORE!H28 -> 1.9139582e+08 | Y5: =X5*19% -> 36365207 | Z5: =(X5+Y5)*$H$5 -> 1.9746881e+09 | AA5: =WEXLER!H28 -> 1.9178368e+08 | AB5: =AA5*19% -> 36438899 | AC5: =(AA5+AB5)*$H$5 -> 1.9786897e+09 | AD5: ='OPEN GROUP'!H28 -> 1.9730595e+08 | AE5: =AD5*19% -> 37488131 | AF5: =(AD5+AE5)*$H$5 -> 2.0356647e+09
C6: 2 | D6: Gestión de Infraestructura Tecnológica | E6: Provisión de Recurso humano, recursos para la prestación de servicios y gestión de la infraestructura tecnológica Nivel 2 | G6: 1 | I6: =COINSA!H29 -> 2.6747649e+08 | J6: =I6*19% -> 50820534 | K6: =(I6+J6)*$H$5 -> 2.7596352e+09 | L6: =TSG!H29 -> 270651040 | M6: =L6*19% -> 51423698 | N6: =(L6+M6)*$H$5 -> 2.792388e+09 | O6: =DATASEC!H29 -> 2.7211189e+08 | P6: =O6*19% -> 51701260 | Q6: =(O6+P6)*$H$5 -> 2.80746e+09 | R6: ='GROW DATA'!H29 -> 2.7275804e+08 | S6: =R6*19% -> 51824027 | T6: =(R6+S6)*$H$5 -> 2.8141265e+09 | U6: =EYC!$H$29 -> 2.7281348e+08 | V6: =U6*19% -> 51834561 | W6: =(U6+V6)*$H$5 -> 2.8146985e+09 | X6: =HEIMCORE!H29 -> 2.9113107e+08 | Y6: =X6*19% -> 55314903 | Z6: =(X6+Y6)*$H$5 -> 3.0036866e+09 | AA6: =WEXLER!H29 -> 2.9172103e+08 | AB6: =AA6*19% -> 55426996 | AC6: =(AA6+AB6)*$H$5 -> 3.0097734e+09 | AD6: ='OPEN GROUP'!H29 -> 3.0012093e+08 | AE6: =AD6*19% -> 57022977 | AF6: =(AD6+AE6)*$H$5 -> 3.0964377e+09
C7: 3 | D7: Centro de Operaciones de Seguridad (SOC) y Centro de Operaciones de Red (NOC) | E7: Servicios de SOC y Servicios de NOC Se deben sumar los valores de servicios de SOC Y NOC | G7: 1 | I7: =COINSA!H30 -> 1.2916602e+08 | J7: =I7*19% -> 24541543 | K7: =(I7+J7)*$H$5 -> 1.3326446e+09 | L7: =TSG!H30 -> 130699025 | M7: =L7*19% -> 24832815 | N7: =(L7+M7)*$H$5 -> 1.3484611e+09 | O7: =DATASEC!H30 -> 1.3140448e+08 | P7: =O7*19% -> 24966851 | Q7: =(O7+P7)*$H$5 -> 1.3557394e+09 | R7: ='GROW DATA'!H30 -> 1.3171651e+08 | S7: =R7*19% -> 25026136 | T7: =(R7+S7)*$H$5 -> 1.3589587e+09 | U7: =EYC!$H$30 -> 131743280 | V7: =U7*19% -> 25031223 | W7: =(U7+V7)*$H$5 -> 1.3592349e+09 | X7: =HEIMCORE!H30 -> 1.4058896e+08 | Y7: =X7*19% -> 26711902 | Z7: =(X7+Y7)*$H$5 -> 1.4504984e+09 | AA7: =WEXLER!H30 -> 1.4087385e+08 | AB7: =AA7*19% -> 26766032 | AC7: =(AA7+AB7)*$H$5 -> 1.4534378e+09 | AD7: ='OPEN GROUP'!H30 -> 1.4493021e+08 | AE7: =AD7*19% -> 27536741 | AF7: =(AD7+AE7)*$H$5 -> 1.4952885e+09
C8: 4 | D8: SIEM (Security Information and Event Management) para correlación de eventos | E8: Correlación de eventos, debe tener la capacidad de 8000 EPS y 550 Licencias, que deben ser suministradas por el contratista | G8: 1 | I8: =COINSA!H31 -> 62145375 | J8: =I8*19% -> 11807621 | K8: =(I8+J8)*$H$5 -> 6.4117248e+08 | L8: =TSG!H31 -> 62882948 | M8: =L8*19% -> 11947760 | N8: =(L8+M8)*$H$5 -> 6.4878224e+08 | O8: =DATASEC!H31 -> 63222362 | P8: =O8*19% -> 12012249 | Q8: =(O8+P8)*$H$5 -> 6.5228407e+08 | R8: ='GROW DATA'!H31 -> 63372487 | S8: =R8*19% -> 12040773 | T8: =(R8+S8)*$H$5 -> 6.5383296e+08 | U8: =EYC!$H$31 -> 63385368 | V8: =U8*19% -> 12043220 | W8: =(U8+V8)*$H$5 -> 6.5396586e+08 | X8: =HEIMCORE!H31 -> 67641269 | Y8: =X8*19% -> 12851841 | Z8: =(X8+Y8)*$H$5 -> 6.9787527e+08 | AA8: =WEXLER!H31 -> 67778340 | AB8: =AA8*19% -> 12877885 | AC8: =(AA8+AB8)*$H$5 -> 6.9928947e+08 | AD8: ='OPEN GROUP'!H31 -> 69729970 | AE8: =AD8*19% -> 13248694 | AF8: =(AD8+AE8)*$H$5 -> 7.1942502e+08
C9: 5 | D9: Herramienta de automatización y orquestación | E9: Solución de orquestación, automatización y remediación, licenciada que se integre con el SIEM Informar el nombre de la herramienta a utilizar | G9: 1 | I9: =COINSA!H32 -> 38608369 | J9: =I9*19% -> 7335590.2 | K9: =(I9+J9)*$H$5 -> 3.9833413e+08 | L9: =TSG!H32 -> 39066593 | M9: =L9*19% -> 7422652.7 | N9: =(L9+M9)*$H$5 -> 4.0306176e+08 | O9: =DATASEC!H32 -> 39277457 | P9: =O9*19% -> 7462716.8 | Q9: =(O9+P9)*$H$5 -> 4.052373e+08 | R9: ='GROW DATA'!H32 -> 39370723 | S9: =R9*19% -> 7480437.4 | T9: =(R9+S9)*$H$5 -> 4.0619956e+08 | U9: =EYC!$H$32 -> 39378726 | V9: =U9*19% -> 7481957.9 | W9: =(U9+V9)*$H$5 -> 4.0628213e+08 | X9: =HEIMCORE!H32 -> 42022742 | Y9: =X9*19% -> 7984321.1 | Z9: =(X9+Y9)*$H$5 -> 4.3356124e+08 | AA9: =WEXLER!H32 -> 42107899 | AB9: =AA9*19% -> 8000500.8 | AC9: =(AA9+AB9)*$H$5 -> 4.3443983e+08 | AD9: ='OPEN GROUP'!H32 -> 43320366 | AE9: =AD9*19% -> 8230869.6 | AF9: =(AD9+AE9)*$H$5 -> 4.4694922e+08
C10: 6 | D10: Solución de emulación de adversarios. | E10: Una plataforma de emulación de amenazas y validación continua de seguridad, la cual deberá incluir como mínimo cinco (5) agentes de emulación licenciados y operativos Informar el nombre de la herramienta a utilizar | G10: 1 | I10: =COINSA!H33 -> 43496526 | J10: =I10*19% -> 8264339.9 | K10: =(I10+J10)*$H$5 -> 4.487667e+08 | L10: =TSG!H33 -> 44012764 | M10: =L10*19% -> 8362425.2 | N10: =(L10+M10)*$H$5 -> 4.5409289e+08 | O10: =DATASEC!H33 -> 44250325 | P10: =O10*19% -> 8407561.8 | Q10: =(O10+P10)*$H$5 -> 4.5654388e+08 | R10: ='GROW DATA'!H33 -> 44355400 | S10: =R10*19% -> 8427526.1 | T10: =(R10+S10)*$H$5 -> 4.5762797e+08 | U10: =EYC!$H$33 -> 44364416 | V10: =U10*19% -> 8429239 | W10: =(U10+V10)*$H$5 -> 4.5772099e+08 | X10: =HEIMCORE!H33 -> 47343188 | Y10: =X10*19% -> 8995205.8 | Z10: =(X10+Y10)*$H$5 -> 4.8845388e+08 | AA10: =WEXLER!H33 -> 47439126 | AB10: =AA10*19% -> 9013434 | AC10: =(AA10+AB10)*$H$5 -> 4.894437e+08 | AD10: ='OPEN GROUP'!H33 -> 48805103 | AE10: =AD10*19% -> 9272969.5 | AF10: =(AD10+AE10)*$H$5 -> 5.0353689e+08
C11: 7 | D11: Mantenimientos preventivos, Mantenimientos correctivos | E11: Mantenimiento preventivo de equipos sin garantía del inventario definidos en el anexo técnico Mantenimiento correctivos de los equipos sin garantía del inventario definidos en el anexo técnico, Debe cotizar de la siguiente forma: - El valor de los mantenimientros preventivos a realizar, es uno por año. - El valor de los mantenimientos correctivos, sin incluir repuestos, estos mantenimientos son por demanda durante la vigencía del contrato. - No es un valor mensualizado | G11: 1 | I11: =COINSA!H34 -> 1.3864041e+08 | J11: =I11*19% -> 26341679 | K11: =(I11+J11) -> 1.6498209e+08 | L11: =TSG!H34 -> 140285868 | M11: =L11*19% -> 26654315 | N11: =L11+M11 -> 1.6694018e+08 | O11: =DATASEC!H34 -> 1.4104307e+08 | P11: =O11*19% -> 26798183 | Q11: =O11+P11 -> 1.6784125e+08 | R11: ='GROW DATA'!H34 -> 1.4137798e+08 | S11: =R11*19% -> 26861817 | T11: =R11+S11 -> 1.682398e+08 | U11: =EYC!$H$34 -> 141406720 | V11: =U11*19% -> 26867277 | W11: =U11+V11 -> 1.68274e+08 | X11: =HEIMCORE!H34 -> 1.5090123e+08 | Y11: =X11*19% -> 28671234 | Z11: =X11+Y11 -> 1.7957246e+08 | AA11: =WEXLER!H34 -> 1.5120702e+08 | AB11: =AA11*19% -> 28729334 | AC11: =AA11+AB11 -> 1.7993636e+08 | AD11: ='OPEN GROUP'!H34 -> 1.5556092e+08 | AE11: =AD11*19% -> 29556575 | AF11: =AD11+AE11 -> 1.851175e+08
C12: SUBTOTAL SERVICIOS | K12: =SUM(I5:I10)*H5+I11 -> 6.3527552e+09 | N12: =SUM(L5:L10)*H5+L11 -> 6.4281529e+09 | Q12: =SUM(O5:O10)*H5+O11 -> 6.4628492e+09 | T12: =SUM(R5:R10)*H5+R11 -> 6.4781956e+09 | W12: =SUM(U5:U10)*H5+U11 -> 6.4795124e+09 | Z12: =SUM(X5:X10)*H5+X11 -> 6.9145681e+09 | AC12: =SUM(AA5:AA10)*H5+AA11 -> 6.92858e+09 | AF12: =SUM(AD5:AD10)*H5+AD11 -> 7.1280836e+09
C13: IVA DE SERVICIOS | K13: =+K12*0.19 -> 1.2070235e+09 | N13: =+N12*0.19 -> 1.2213491e+09 | Q13: =+Q12*0.19 -> 1.2279413e+09 | T13: =+T12*0.19 -> 1.2308572e+09 | W13: =+W12*0.19 -> 1.2311074e+09 | Z13: =+Z12*0.19 -> 1.3137679e+09 | AC13: =+AC12*0.19 -> 1.3164302e+09 | AF13: =+AF12*0.19 -> 1.3543359e+09
C14: TOTAL SERVICIOS | K14: =+K12+K13 -> 7.5597787e+09 | N14: =+N12+N13 -> 7.649502e+09 | Q14: =+Q12+Q13 -> 7.6907906e+09 | T14: =+T12+T13 -> 7.7090528e+09 | W14: =+W12+W13 -> 7.7106197e+09 | Z14: =+Z12+Z13 -> 8.228336e+09 | AC14: =+AC12+AC13 -> 8.2450102e+09 | AF14: =+AF12+AF13 -> 8.4824195e+09
C15: 8 | D15: BOLSA DE REPUESTOS | E15: Por demanda | F15: GLOBAL | G15: 1 | H15: 8.67 | I15: 6000000 | K15: =+I15*H15 -> 52020000 | L15: 6000000 | N15: =L15*H15 -> 52020000 | O15: 6000000 | Q15: =O15*H15 -> 52020000 | R15: 6000000 | T15: =R15*H15 -> 52020000 | U15: 6000000 | W15: =U15*H15 -> 52020000 | X15: 6000000 | Z15: =X15*H15 -> 52020000 | AA15: 6000000 | AC15: =AA15*H15 -> 52020000 | AD15: 6000000 | AF15: =AD15*H15 -> 52020000
C16: IVA DE BOLSA DE REPUESTOS | K16: =+K15*0.19 -> 9883800 | N16: =+N15*0.19 -> 9883800 | Q16: =+Q15*0.19 -> 9883800 | T16: =+T15*0.19 -> 9883800 | W16: =+W15*0.19 -> 9883800 | Z16: =+Z15*0.19 -> 9883800 | AC16: =+AC15*0.19 -> 9883800 | AF16: =+AF15*0.19 -> 9883800
C17: SUBTOTAL BOLSA DE REPUESTOS | K17: =+K15+K16 -> 61903800 | N17: =+N15+N16 -> 61903800 | Q17: =+Q15+Q16 -> 61903800 | T17: =+T15+T16 -> 61903800 | W17: =+W15+W16 -> 61903800 | Z17: =+Z15+Z16 -> 61903800 | AC17: =+AC15+AC16 -> 61903800 | AF17: =+AF15+AF16 -> 61903800
C18: GRAN TOTAL SERVICIOS +BOLSA DE SERVICIOS E IMPUESTOS | K18: =+K14+K17 -> 7.6216825e+09 | N18: =+N14+N17 -> 7.7114058e+09 | Q18: =+Q14+Q17 -> 7.7526944e+09 | T18: =+T14+T17 -> 7.7709566e+09 | W18: =+W14+W17 -> 7.7725235e+09 | Z18: =+Z14+Z17 -> 8.2902398e+09 | AC18: =+AC14+AC17 -> 8.306914e+09 | AF18: =+AF14+AF17 -> 8.5443233e+09
C20: EMPRESA | D20: COTIZANTE | E20: Gestión de mesa de servicios | F20: Gestión de Infraestructura Tecnológica | G20: Centro de Operaciones de Seguridad (SOC) y Centro de Operaciones de Red (NOC) | H20: SIEM (Security Information and Event Management) para correlación de eventos | I20: Herramienta de automatización y orquestación | J20: Solución de emulación de adversarios. | K20: Mantenimientos preventivos, Mantenimientos correctivos | L20: BOLSA DE RECURSOS DE TI
C21: =I2 -> COINSA | D21: COTIZANTE 1 | E21: =I5 -> 1.758448e+08 | F21: =I6 -> 2.6747649e+08 | G21: =I7 -> 1.2916602e+08 | H21: =I8 -> 62145375 | I21: =I9 -> 38608369 | J21: =I10 -> 43496526 | K21: =I11 -> 1.3864041e+08 | L21: =I15 -> 6000000
C22: =L2 -> TSG | D22: COTIZANTE 2 | E22: =L5 -> 177931812 | F22: =L6 -> 270651040 | G22: =L7 -> 130699025 | H22: =L8 -> 62882948 | I22: =L9 -> 39066593 | J22: =L10 -> 44012764 | K22: =L11 -> 140285868 | L22: =L15 -> 6000000
C23: =O2 -> DATASEC | D23: COTIZANTE 3 | E23: =O5 -> 1.7889221e+08 | F23: =O6 -> 2.7211189e+08 | G23: =O7 -> 1.3140448e+08 | H23: =O8 -> 63222362 | I23: =O9 -> 39277457 | J23: =O10 -> 44250325 | K23: =O11 -> 1.4104307e+08 | L23: =O15 -> 6000000
C24: =R2 -> GROW DATA | D24: COTIZANTE 4 | E24: =R5 -> 1.79317e+08 | F24: =R6 -> 2.7275804e+08 | G24: =R7 -> 1.3171651e+08 | H24: =R8 -> 63372487 | I24: =R9 -> 39370723 | J24: =R10 -> 44355400 | K24: =R11 -> 1.4137798e+08 | L24: =R15 -> 6000000
C25: =U2 -> EYC | D25: COTIZANTE 5 | E25: =U5 -> 1.7935345e+08 | F25: =U6 -> 2.7281348e+08 | G25: =U7 -> 131743280 | H25: =U8 -> 63385368 | I25: =U9 -> 39378726 | J25: =U10 -> 44364416 | K25: =U11 -> 141406720 | L25: =U15 -> 6000000
C26: =X2 -> HEIMCORE | D26: COTIZANTE 6 | E26: =X5 -> 1.9139582e+08 | F26: =X6 -> 2.9113107e+08 | G26: =X7 -> 1.4058896e+08 | H26: =X8 -> 67641269 | I26: =X9 -> 42022742 | J26: =X10 -> 47343188 | K26: =X11 -> 1.5090123e+08 | L26: =X15 -> 6000000
C27: =AA2 -> WEXLER | D27: COTIZANTE 7 | E27: =AA5 -> 1.9178368e+08 | F27: =AA6 -> 2.9172103e+08 | G27: =AA7 -> 1.4087385e+08 | H27: =AA8 -> 67778340 | I27: =AA9 -> 42107899 | J27: =AA10 -> 47439126 | K27: =AA11 -> 1.5120702e+08 | L27: =AA15 -> 6000000
C28: =AD2 -> OPEN GROUP | D28: COTIZANTE 8 | E28: =AD5 -> 1.9730595e+08 | F28: =AD6 -> 3.0012093e+08 | G28: =AA7 -> 1.4087385e+08 | H28: =AD8 -> 69729970 | I28: =AD9 -> 43320366 | J28: =AD10 -> 48805103 | K28: =AD11 -> 1.5556092e+08 | L28: =AD15 -> 6000000
D30: PROMEDIO DEL COMPONENTE MENSUAL | E30: =ROUND(AVERAGE(E21:E28),0) -> 183978090 | F30: =ROUND(AVERAGE(F21:F28),0) -> 279847997 | G30: =ROUND(AVERAGE(G21:G28),0) -> 134633246 | H30: =ROUND(AVERAGE(H21:H28),0) -> 65019765 | I30: =ROUND(AVERAGE(I21:I28),0) -> 40394110 | J30: =ROUND(AVERAGE(J21:J28),2) -> 45508356 | K30: =ROUND(AVERAGE(K21:K28),2) -> 1.450529e+08 | L30: =ROUND(AVERAGE(L21:L28),2) -> 6000000
D31: VALOR X 8,67 MESES | E31: =E30*$H$5 -> 1.59509e+09 | F31: =F30*$H$5 -> 2.4262821e+09 | G31: =G30*$H$5 -> 1.1672702e+09 | H31: =H30*$H$5 -> 5.6372136e+08 | I31: =I30*$H$5 -> 3.5021693e+08 | J31: =J30*$H$5 -> 3.9455745e+08 | K31: =K30 -> 1.450529e+08 | L31: =L30*$H$5 -> 52020000
D32: VALOR TOTAL | E32: =ROUND(SUM(E31:L31),0) -> 6694211064 | F32: =J30*8.67 -> 3.9455745e+08
D33: IVA | E33: =ROUND(E32*0.19,0) -> 1271900102
D34: VALOR TOTAL ESTIMADO | E34: =E33+E32 -> 7966111166
D35: VALOR TOTAL EN SMLMV 2026 | E35: =E34/1750905 -> 4549.7107
C37: EMPRESA | D37: COTIZANTE | E37: Total Servicios | F37: Subtotal Bolsa de Repuestos | G37: VALOR TOTAL COTIZACIÓN | I37: Prorrateo 20 días | J37: =ROUND(20/30,2) -> 0.67
C38: =I2 -> COINSA | D38: COTIZANTE 1 | E38: =K14 -> 7.5597787e+09 | F38: =K17 -> 61903800 | G38: =E38+F38 -> 7.6216825e+09
C39: =L2 -> TSG | D39: COTIZANTE 2 | E39: =N14 -> 7.649502e+09 | F39: =N17 -> 61903800 | G39: =E39+F39 -> 7.7114058e+09
C40: =O2 -> DATASEC | D40: COTIZANTE 3 | E40: =Q14 -> 7.6907906e+09 | F40: =N17 -> 61903800 | G40: =E40+F40 -> 7.7526944e+09
C41: =R2 -> GROW DATA | D41: COTIZANTE 4 | E41: =T14 -> 7.7090528e+09 | F41: =Q17 -> 61903800 | G41: =E41+F41 -> 7.7709566e+09
C42: =U2 -> EYC | D42: COTIZANTE 5 | E42: =W14 -> 7.7106197e+09 | F42: =T17 -> 61903800 | G42: =E42+F42 -> 7.7725235e+09
C43: =X2 -> HEIMCORE | D43: COTIZANTE 6 | E43: =Z14 -> 8.228336e+09 | F43: =W17 -> 61903800 | G43: =E43+F43 -> 8.2902398e+09
C44: =AA2 -> WEXLER | D44: COTIZANTE 7 | E44: =AC14 -> 8.2450102e+09 | F44: =Z17 -> 61903800 | G44: =E44+F44 -> 8.306914e+09
C45: =AD2 -> OPEN GROUP | D45: COTIZANTE 8 | E45: =AF14 -> 8.4824195e+09 | F45: =AF17 -> 61903800 | G45: =E45+F45 -> 8.5443233e+09
D47: Media | E47: =AVERAGE(G38:G45) -> 7.9713425e+09
D48: Mediana | E48: =MEDIAN(G38:G45) -> 7.7717401e+09
D49: Desv estandar | E49: =STDEVA(G38:G45) -> 3.5049566e+08
D50: Coeficiente de Variación | E50: =E49/E47 -> 0.043969464
D52: *El coeficiente de variación es el número de veces que la desviación estándar incluye a la media, a mayor coeficiente de variación, mayor dispersión, si 0≤CV≤0,3 existe poca dispersión, por lo tanto la media es representativa. Si 0,3 ≤CV<1 la dispersión es alta. La dispersión será baja si CV es cercano a 0,3 y alta si es cercano a 1.
I56: PRESUPUESTO ASIGNADO | J56: PRESUPUESTO NECESARIO | K56: DÉFICIT | L56: SALDOS DISPONIBLES | M56: Observación
H57: PGN | I57: 3853076000 | J57: =E59 -> 4304886474 | K57: =I57-E59 -> -451810474 | L57: 600000000 | M57: Sobrante Collocation | N57: =+L57+K57 -> 148189526
C58: USO | D58: % | E58: VALOR | F58: CDP | H58: SGR | I58: 3276969000 | J58: =E61 -> 1638484500 | K58: =I58-E61 -> 1638484500 | L58: 173040000 | M58: Recursos asignados inicialmente a ITSM | N58: =+K58+L58 -> 1811524500
C59: C-0399-1000-8-0-0399066-02 ADQUISICIÓN DE BIENES Y SERVICIOS - SERVICIOS TECNOLOGICOS - FORTALECIMIENTO DE LAS TIC PARA EL CUMPLIMIENTO DE LOS OBJETIVOS DEL DNP A NIVEL NACIONAL | D59: 0.5404 | E59: =ROUND($E$34*D59,0) -> 4304886474 | F59: 117926 | H59: TOTAL | I59: =I57+I58 -> 7130045000 | J59: =J57+J58 -> 5943370974 | K59: =K57+K58 -> 1186674026 | L59: =L57+L58 -> 773040000 | M59: Asi las cosas nos faltarían de SGR $211,215,692. | N59: =+N58+N57 -> 1959714026
C60: A-02-02-02-008-003-01-6 SERVICIOS DE GESTIÓN DE RED E INFRAESTRUCTURA DE TI - 1203010 SSEC | D60: =E60/E62 -> 0.25391815 | E60: 2022740192 | F60: 17826
C61: A-02-02-02-008-003-01-6 SERVICIOS DE GESTIÓN DE RED E INFRAESTRUCTURA DE TI - 1103012 DNP ÓRGANO | D61: =E61/E62 -> 0.20568185 | E61: 1638484500 | G61: =D61/2 -> 0.10284093
C62: TOTAL | D62: =D61+D59+D60 -> 1 | E62: =E59+E60+E61 -> 7966111166
C64: ITEM | D64: COMPONENTE | E64: DESCRIPCION | F64: UNIDAD | G64: CANTIDAD X MES | H64: TIEMPO MES | I64: VALOR UNITARIO INCLUIDO IVA | J64: VALOR TOTAL INCLUIDO IVA
C66: 1 | D66: Gestión de mesa de servicios | E66: Provisión de Recurso humano, recursos para la prestación de servicios y gestión para la atencion de la mesa de Servicios Nivel 1 | F66: GLOBAL | G66: 1 | H66: =H5 -> 8.67 | I66: =ROUND(E30*1.19,2) -> 2.1893393e+08 | J66: =I66*$H$66 -> 1.8981571e+09
C67: 2 | D67: Gestión de Infraestructura Tecnológica | E67: Provisión de Recurso humano, recursos para la prestación de servicios y gestión de la infraestructura tecnológica Nivel 2 | G67: 1 | I67: =ROUND(F30*1.19,2) -> 3.3301912e+08 | J67: =I67*$H$66 -> 2.8872757e+09
C68: 3 | D68: Centro de Operaciones de Seguridad (SOC) y Centro de Operaciones de Red (NOC) | E68: Servicios de SOC y Servicios de NOC Se deben sumar los valores de servicios de SOC Y NOC | G68: 1 | I68: =ROUND(G30*1.19,2) -> 1.6021356e+08 | J68: =I68*$H$66 -> 1.3890516e+09
C69: 4 | D69: SIEM (Security Information and Event Management) para correlación de eventos | E69: Correlación de eventos, debe tener la capacidad de 8000 EPS y 550 Licencias, que deben ser suministradas por el contratista | G69: 1 | I69: =ROUND(H30*1.19,2) -> 77373520 | J69: =I69*$H$66 -> 6.7082842e+08
C70: 5 | D70: Herramienta de automatización y orquestación | E70: Solución de orquestación, automatización y remediación, licenciada que se integre con el SIEM Informar el nombre de la herramienta a utilizar | G70: 1 | I70: =ROUND(I30*1.19,2) -> 48068991 | J70: =I70*$H$66 -> 4.1675815e+08
C71: 6 | D71: Solución de emulación de adversarios. | E71: Una plataforma de emulación de amenazas y validación continua de seguridad, la cual deberá incluir como mínimo cinco (5) agentes de emulación licenciados y operativos Informar el nombre de la herramienta a utilizar | G71: 1 | I71: =ROUND(J30*1.19,2) -> 54154944 | J71: =I71*$H$66 -> 4.6952336e+08
C72: 7 | D72: Mantenimientos preventivos, Mantenimientos correctivos | E72: Mantenimiento preventivo de equipos sin garantía del inventario definidos en el anexo técnico Mantenimiento correctivos de los equipos sin garantía del inventario definidos en el anexo técnico, Debe cotizar de la siguiente forma: - El valor de los mantenimientros preventivos a realizar, es uno por año. - El valor de los mantenimientos correctivos, sin incluir repuestos, estos mantenimientos son por demanda durante la vigencía del contrato. - No es un valor mensualizado | G72: 1 | I72: =ROUND(K30*1.19,2)-0.47 -> 1.7261296e+08 | J72: =I72 -> 1.7261296e+08
C73: 8 | D73: BOLSA DE REPUESTOS | G73: 1 | I73: =ROUND(L30*1.19,2) -> 7140000 | J73: =I73*H66 -> 61903800
C74: TOTAL CON IVA | J74: =SUM(J66:J73) -> 7.9661112e+09 | K74: =J74-E34 -> 0.00079917908

Sheet Consolidado 2026_9 meses
B1: Proceso de Cotización:
B2: SECOP II: DNP-SIP-001-2026 : 8 COTIZACIONES | I2: COINSA | L2: TSG | O2: DATASEC | R2: GROW DATA | U2: EYC | X2: HEIMCORE | AA2: WEXLER | AD2: OPEN GROUP
I3: COTIZANTE 1 | L3: COTIZANTE 2 | O3: COTIZANTE 3 | R3: COTIZANTE 4 | U3: COTIZANTE 5 | X3: COTIZANTE 6 | AA3: COTIZANTE 7 | AD3: COTIZANTE 8
C4: ITEM | D4: COMPONENTE | E4: DESCRIPCION | F4: UNIDAD | G4: CANTIDAD X MES | H4: TIEMPO MES | I4: VALOR MES | J4: IVA 19% | K4: VALOR TOTAL | L4: VALOR MES | M4: IVA 19% | N4: VALOR TOTAL | O4: VALOR MES | P4: IVA 19% | Q4: VALOR TOTAL | R4: VALOR MES | S4: IVA 19% | T4: VALOR TOTAL | U4: VALOR MES | V4: IVA 19% | W4: VALOR TOTAL | X4: VALOR MES | Y4: IVA 19% | Z4: VALOR TOTAL | AA4: VALOR MES | AB4: IVA 19% | AC4: VALOR TOTAL | AD4: VALOR MES | AE4: IVA 19% | AF4: VALOR TOTAL
C5: 1 | D5: Gestión de mesa de servicios | E5: Provisión de Recurso humano, recursos para la prestación de servicios y gestión para la atencion de la mesa de Servicios Nivel 1 | F5: GLOBAL | G5: 1 | H5: 9 | I5: =COINSA!H28 -> 1.758448e+08 | J5: =I5*19% -> 33410512 | K5: =(I5+J5)*$H$5 -> 1.8832978e+09 | L5: =TSG!H28 -> 177931812 | M5: =L5*19% -> 33807044 | N5: =(L5+M5)*$H$5 -> 1.9056497e+09 | O5: =DATASEC!$H$28 -> 1.7889221e+08 | P5: =O5*19% -> 33989520 | Q5: =(O5+P5)*$H$5 -> 1.9159356e+09 | R5: ='GROW DATA'!H28 -> 1.79317e+08 | S5: =R5*19% -> 34070230 | T5: =(R5+S5)*$H$5 -> 1.9204851e+09 | U5: =EYC!$H$28 -> 1.7935345e+08 | V5: =U5*19% -> 34077155 | W5: =(U5+V5)*$H$5 -> 1.9208754e+09 | X5: =HEIMCORE!H28 -> 1.9139582e+08 | Y5: =X5*19% -> 36365207 | Z5: =(X5+Y5)*$H$5 -> 2.0498493e+09 | AA5: =WEXLER!H28 -> 1.9178368e+08 | AB5: =AA5*19% -> 36438899 | AC5: =(AA5+AB5)*$H$5 -> 2.0540032e+09 | AD5: ='OPEN GROUP'!H28 -> 1.9730595e+08 | AE5: =AD5*19% -> 37488131 | AF5: =(AD5+AE5)*$H$5 -> 2.1131468e+09
C6: 2 | D6: Gestión de Infraestructura Tecnológica | E6: Provisión de Recurso humano, recursos para la prestación de servicios y gestión de la infraestructura tecnológica Nivel 2 | G6: 1 | I6: =COINSA!H29 -> 2.6747649e+08 | J6: =I6*19% -> 50820534 | K6: =(I6+J6)*$H$5 -> 2.8646733e+09 | L6: =TSG!H29 -> 270651040 | M6: =L6*19% -> 51423698 | N6: =(L6+M6)*$H$5 -> 2.8986726e+09 | O6: =DATASEC!H29 -> 2.7211189e+08 | P6: =O6*19% -> 51701260 | Q6: =(O6+P6)*$H$5 -> 2.9143184e+09 | R6: ='GROW DATA'!H29 -> 2.7275804e+08 | S6: =R6*19% -> 51824027 | T6: =(R6+S6)*$H$5 -> 2.9212386e+09 | U6: =EYC!$H$29 -> 2.7281348e+08 | V6: =U6*19% -> 51834561 | W6: =(U6+V6)*$H$5 -> 2.9218324e+09 | X6: =HEIMCORE!H29 -> 2.9113107e+08 | Y6: =X6*19% -> 55314903 | Z6: =(X6+Y6)*$H$5 -> 3.1180138e+09 | AA6: =WEXLER!H29 -> 2.9172103e+08 | AB6: =AA6*19% -> 55426996 | AC6: =(AA6+AB6)*$H$5 -> 3.1243322e+09 | AD6: ='OPEN GROUP'!H29 -> 3.0012093e+08 | AE6: =AD6*19% -> 57022977 | AF6: =(AD6+AE6)*$H$5 -> 3.2142952e+09
C7: 3 | D7: Centro de Operaciones de Seguridad (SOC) y Centro de Operaciones de Red (NOC) | E7: Servicios de SOC y Servicios de NOC Se deben sumar los valores de servicios de SOC Y NOC | G7: 1 | I7: =COINSA!H30 -> 1.2916602e+08 | J7: =I7*19% -> 24541543 | K7: =(I7+J7)*$H$5 -> 1.3833681e+09 | L7: =TSG!H30 -> 130699025 | M7: =L7*19% -> 24832815 | N7: =(L7+M7)*$H$5 -> 1.3997866e+09 | O7: =DATASEC!H30 -> 1.3140448e+08 | P7: =O7*19% -> 24966851 | Q7: =(O7+P7)*$H$5 -> 1.407342e+09 | R7: ='GROW DATA'!H30 -> 1.3171651e+08 | S7: =R7*19% -> 25026136 | T7: =(R7+S7)*$H$5 -> 1.4106838e+09 | U7: =EYC!$H$30 -> 131743280 | V7: =U7*19% -> 25031223 | W7: =(U7+V7)*$H$5 -> 1.4109705e+09 | X7: =HEIMCORE!H30 -> 1.4058896e+08 | Y7: =X7*19% -> 26711902 | Z7: =(X7+Y7)*$H$5 -> 1.5057077e+09 | AA7: =WEXLER!H30 -> 1.4087385e+08 | AB7: =AA7*19% -> 26766032 | AC7: =(AA7+AB7)*$H$5 -> 1.5087589e+09 | AD7: ='OPEN GROUP'!H30 -> 1.4493021e+08 | AE7: =AD7*19% -> 27536741 | AF7: =(AD7+AE7)*$H$5 -> 1.5522026e+09
C8: 4 | D8: SIEM (Security Information and Event Management) para correlación de eventos | E8: Correlación de eventos, debe tener la capacidad de 8000 EPS y 550 Licencias, que deben ser suministradas por el contratista | G8: 1 | I8: =COINSA!H31 -> 62145375 | J8: =I8*19% -> 11807621 | K8: =(I8+J8)*$H$5 -> 6.6557697e+08 | L8: =TSG!H31 -> 62882948 | M8: =L8*19% -> 11947760 | N8: =(L8+M8)*$H$5 -> 6.7347637e+08 | O8: =DATASEC!H31 -> 63222362 | P8: =O8*19% -> 12012249 | Q8: =(O8+P8)*$H$5 -> 6.7711149e+08 | R8: ='GROW DATA'!H31 -> 63372487 | S8: =R8*19% -> 12040773 | T8: =(R8+S8)*$H$5 -> 6.7871934e+08 | U8: =EYC!$H$31 -> 63385368 | V8: =U8*19% -> 12043220 | W8: =(U8+V8)*$H$5 -> 6.7885729e+08 | X8: =HEIMCORE!H31 -> 67641269 | Y8: =X8*19% -> 12851841 | Z8: =(X8+Y8)*$H$5 -> 7.2443799e+08 | AA8: =WEXLER!H31 -> 67778340 | AB8: =AA8*19% -> 12877885 | AC8: =(AA8+AB8)*$H$5 -> 7.2590602e+08 | AD8: ='OPEN GROUP'!H31 -> 69729970 | AE8: =AD8*19% -> 13248694 | AF8: =(AD8+AE8)*$H$5 -> 7.4680798e+08
C9: 5 | D9: Herramienta de automatización y orquestación | E9: Solución de orquestación, automatización y remediación, licenciada que se integre con el SIEM Informar el nombre de la herramienta a utilizar | G9: 1 | I9: =COINSA!H32 -> 38608369 | J9: =I9*19% -> 7335590.2 | K9: =(I9+J9)*$H$5 -> 4.1349564e+08 | L9: =TSG!H32 -> 39066593 | M9: =L9*19% -> 7422652.7 | N9: =(L9+M9)*$H$5 -> 4.1840321e+08 | O9: =DATASEC!H32 -> 39277457 | P9: =O9*19% -> 7462716.8 | Q9: =(O9+P9)*$H$5 -> 4.2066156e+08 | R9: ='GROW DATA'!H32 -> 39370723 | S9: =R9*19% -> 7480437.4 | T9: =(R9+S9)*$H$5 -> 4.2166045e+08 | U9: =EYC!$H$32 -> 39378726 | V9: =U9*19% -> 7481957.9 | W9: =(U9+V9)*$H$5 -> 4.2174615e+08 | X9: =HEIMCORE!H32 -> 42022742 | Y9: =X9*19% -> 7984321.1 | Z9: =(X9+Y9)*$H$5 -> 4.5006357e+08 | AA9: =WEXLER!H32 -> 42107899 | AB9: =AA9*19% -> 8000500.8 | AC9: =(AA9+AB9)*$H$5 -> 4.509756e+08 | AD9: ='OPEN GROUP'!H32 -> 43320366 | AE9: =AD9*19% -> 8230869.6 | AF9: =(AD9+AE9)*$H$5 -> 4.6396113e+08
C10: 6 | D10: Solución de emulación de adversarios. | E10: Una plataforma de emulación de amenazas y validación continua de seguridad, la cual deberá incluir como mínimo cinco (5) agentes de emulación licenciados y operativos Informar el nombre de la herramienta a utilizar | G10: 1 | I10: =COINSA!H33 -> 43496526 | J10: =I10*19% -> 8264339.9 | K10: =(I10+J10)*$H$5 -> 4.6584779e+08 | L10: =TSG!H33 -> 44012764 | M10: =L10*19% -> 8362425.2 | N10: =(L10+M10)*$H$5 -> 4.713767e+08 | O10: =DATASEC!H33 -> 44250325 | P10: =O10*19% -> 8407561.8 | Q10: =(O10+P10)*$H$5 -> 4.7392098e+08 | R10: ='GROW DATA'!H33 -> 44355400 | S10: =R10*19% -> 8427526.1 | T10: =(R10+S10)*$H$5 -> 4.7504634e+08 | U10: =EYC!$H$33 -> 44364416 | V10: =U10*19% -> 8429239 | W10: =(U10+V10)*$H$5 -> 4.751429e+08 | X10: =HEIMCORE!H33 -> 47343188 | Y10: =X10*19% -> 8995205.8 | Z10: =(X10+Y10)*$H$5 -> 5.0704555e+08 | AA10: =WEXLER!H33 -> 47439126 | AB10: =AA10*19% -> 9013434 | AC10: =(AA10+AB10)*$H$5 -> 5.0807304e+08 | AD10: ='OPEN GROUP'!H33 -> 48805103 | AE10: =AD10*19% -> 9272969.5 | AF10: =(AD10+AE10)*$H$5 -> 5.2270265e+08
C11: 7 | D11: Mantenimientos preventivos, Mantenimientos correctivos | E11: Mantenimiento preventivo de equipos sin garantía del inventario definidos en el anexo técnico Mantenimiento correctivos de los equipos sin garantía del inventario definidos en el anexo técnico, Debe cotizar de la siguiente forma: - El valor de los mantenimientros preventivos a realizar, es uno por año. - El valor de los mantenimientos correctivos, sin incluir repuestos, estos mantenimientos son por demanda durante la vigencía del contrato. - No es un valor mensualizado | G11: 1 | I11: =COINSA!H34 -> 1.3864041e+08 | J11: =I11*19% -> 26341679 | K11: =(I11+J11) -> 1.6498209e+08 | L11: =TSG!H34 -> 140285868 | M11: =L11*19% -> 26654315 | N11: =L11+M11 -> 1.6694018e+08 | O11: =DATASEC!H34 -> 1.4104307e+08 | P11: =O11*19% -> 26798183 | Q11: =O11+P11 -> 1.6784125e+08 | R11: ='GROW DATA'!H34 -> 1.4137798e+08 | S11: =R11*19% -> 26861817 | T11: =R11+S11 -> 1.682398e+08 | U11: =EYC!$H$34 -> 141406720 | V11: =U11*19% -> 26867277 | W11: =U11+V11 -> 1.68274e+08 | X11: =HEIMCORE!H34 -> 1.5090123e+08 | Y11: =X11*19% -> 28671234 | Z11: =X11+Y11 -> 1.7957246e+08 | AA11: =WEXLER!H34 -> 1.5120702e+08 | AB11: =AA11*19% -> 28729334 | AC11: =AA11+AB11 -> 1.7993636e+08 | AD11: ='OPEN GROUP'!H34 -> 1.5556092e+08 | AE11: =AD11*19% -> 29556575 | AF11: =AD11+AE11 -> 1.851175e+08
C12: SUBTOTAL SERVICIOS | K12: =SUM(I5:I10)*H5+I11 -> 6.5892786e+09 | N12: =SUM(L5:L10)*H5+L11 -> 6667483506 | Q12: =SUM(O5:O10)*H5+O11 -> 6.7034716e+09 | T12: =SUM(R5:R10)*H5+R11 -> 6.7193894e+09 | W12: =SUM(U5:U10)*H5+U11 -> 6.7207552e+09 | Z12: =SUM(X5:X10)*H5+X11 -> 7.1720087e+09 | AC12: =SUM(AA5:AA10)*H5+AA11 -> 7.1865423e+09 | AF12: =SUM(AD5:AD10)*H5+AD11 -> 7.3934738e+09
C13: IVA DE SERVICIOS | K13: =+K12*0.19 -> 1.2519629e+09 | N13: =+N12*0.19 -> 1.2668219e+09 | Q13: =+Q12*0.19 -> 1.2736596e+09 | T13: =+T12*0.19 -> 1.276684e+09 | W13: =+W12*0.19 -> 1.2769435e+09 | Z13: =+Z12*0.19 -> 1.3626816e+09 | AC13: =+AC12*0.19 -> 1.365443e+09 | AF13: =+AF12*0.19 -> 1.40476e+09
C14: TOTAL SERVICIOS | K14: =+K12+K13 -> 7.8412416e+09 | N14: =+N12+N13 -> 7.9343054e+09 | Q14: =+Q12+Q13 -> 7.9771312e+09 | T14: =+T12+T13 -> 7.9960734e+09 | W14: =+W12+W13 -> 7.9976986e+09 | Z14: =+Z12+Z13 -> 8.5346903e+09 | AC14: =+AC12+AC13 -> 8.5519854e+09 | AF14: =+AF12+AF13 -> 8.7982338e+09
C15: 6 | D15: BOLSA DE REPUESTOS | E15: Por demanda | F15: GLOBAL | G15: 1 | H15: 9 | I15: 6000000 | K15: =+I15*H15 -> 54000000 | L15: 6000000 | N15: =L15*H15 -> 54000000 | O15: 6000000 | Q15: =O15*H15 -> 54000000 | R15: 6000000 | T15: =R15*H15 -> 54000000 | U15: 6000000 | W15: =U15*H15 -> 54000000 | X15: 6000000 | Z15: =X15*H15 -> 54000000 | AA15: 6000000 | AC15: =AA15*H15 -> 54000000 | AD15: 6000000 | AF15: =AD15*H15 -> 54000000
C16: IVA DE BOLSA DE REPUESTOS | K16: =+K15*0.19 -> 10260000 | N16: =+N15*0.19 -> 10260000 | Q16: =+Q15*0.19 -> 10260000 | T16: =+T15*0.19 -> 10260000 | W16: =+W15*0.19 -> 10260000 | Z16: =+Z15*0.19 -> 10260000 | AC16: =+AC15*0.19 -> 10260000 | AF16: =+AF15*0.19 -> 10260000
C17: SUBTOTAL BOLSA DE REPUESTOS | K17: =+K15+K16 -> 64260000 | N17: =+N15+N16 -> 64260000 | Q17: =+Q15+Q16 -> 64260000 | T17: =+T15+T16 -> 64260000 | W17: =+W15+W16 -> 64260000 | Z17: =+Z15+Z16 -> 64260000 | AC17: =+AC15+AC16 -> 64260000 | AF17: =+AF15+AF16 -> 64260000
C18: GRAN TOTAL SERVICIOS +BOLSA DE SERVICIOS E IMPUESTOS | K18: =+K14+K17 -> 7.9055016e+09 | N18: =+N14+N17 -> 7.9985654e+09 | Q18: =+Q14+Q17 -> 8.0413912e+09 | T18: =+T14+T17 -> 8.0603334e+09 | W18: =+W14+W17 -> 8.0619586e+09 | Z18: =+Z14+Z17 -> 8.5989503e+09 | AC18: =+AC14+AC17 -> 8.6162454e+09 | AF18: =+AF14+AF17 -> 8.8624938e+09
C20: EMPRESA | D20: COTIZANTE | E20: Gestión de mesa de servicios | F20: Gestión de Infraestructura Tecnológica | G20: Centro de Operaciones de Seguridad (SOC) y Centro de Operaciones de Red (NOC) | H20: SIEM (Security Information and Event Management) para correlación de eventos | I20: Herramienta de automatización y orquestación | J20: Solución de emulación de adversarios. | K20: Mantenimientos preventivos, Mantenimientos correctivos | L20: BOLSA DE REPUESTOS
C21: =I2 -> COINSA | D21: COTIZANTE 1 | E21: =I5 -> 1.758448e+08 | F21: =I6 -> 2.6747649e+08 | G21: =I7 -> 1.2916602e+08 | H21: =I8 -> 62145375 | I21: =I9 -> 38608369 | J21: =I10 -> 43496526 | K21: =I11 -> 1.3864041e+08 | L21: =I15 -> 6000000
C22: =L2 -> TSG | D22: COTIZANTE 2 | E22: =L5 -> 177931812 | F22: =L6 -> 270651040 | G22: =L7 -> 130699025 | H22: =L8 -> 62882948 | I22: =L9 -> 39066593 | J22: =L10 -> 44012764 | K22: =L11 -> 140285868 | L22: =L15 -> 6000000
C23: =O2 -> DATASEC | D23: COTIZANTE 3 | E23: =O5 -> 1.7889221e+08 | F23: =O6 -> 2.7211189e+08 | G23: =O7 -> 1.3140448e+08 | H23: =O8 -> 63222362 | I23: =O9 -> 39277457 | J23: =O10 -> 44250325 | K23: =O11 -> 1.4104307e+08 | L23: =O15 -> 6000000
C24: =R2 -> GROW DATA | D24: COTIZANTE 4 | E24: =R5 -> 1.79317e+08 | F24: =R6 -> 2.7275804e+08 | G24: =R7 -> 1.3171651e+08 | H24: =R8 -> 63372487 | I24: =R9 -> 39370723 | J24: =R10 -> 44355400 | K24: =R11 -> 1.4137798e+08 | L24: =R15 -> 6000000
C25: =U2 -> EYC | D25: COTIZANTE 5 | E25: =U5 -> 1.7935345e+08 | F25: =U6 -> 2.7281348e+08 | G25: =U7 -> 131743280 | H25: =U8 -> 63385368 | I25: =U9 -> 39378726 | J25: =U10 -> 44364416 | K25: =U11 -> 141406720 | L25: =U15 -> 6000000
C26: =X2 -> HEIMCORE | D26: COTIZANTE 6 | E26: =X5 -> 1.9139582e+08 | F26: =X6 -> 2.9113107e+08 | G26: =X7 -> 1.4058896e+08 | H26: =X8 -> 67641269 | I26: =X9 -> 42022742 | J26: =X10 -> 47343188 | K26: =X11 -> 1.5090123e+08 | L26: =X15 -> 6000000
C27: =AA2 -> WEXLER | D27: COTIZANTE 7 | E27: =AA5 -> 1.9178368e+08 | F27: =AA6 -> 2.9172103e+08 | G27: =AA7 -> 1.4087385e+08 | H27: =AA8 -> 67778340 | I27: =AA9 -> 42107899 | J27: =AA10 -> 47439126 | K27: =AA11 -> 1.5120702e+08 | L27: =AA15 -> 6000000
C28: =AD2 -> OPEN GROUP | D28: COTIZANTE 8 | E28: =AD5 -> 1.9730595e+08 | F28: =AD6 -> 3.0012093e+08 | G28: =AA7 -> 1.4087385e+08 | H28: =AD8 -> 69729970 | I28: =AD9 -> 43320366 | J28: =AD10 -> 48805103 | K28: =AD11 -> 1.5556092e+08 | L28: =AD15 -> 6000000
D30: PROMEDIO DEL COMPONENTE | E30: =ROUND(AVERAGE(E21:E28),0) -> 183978090 | F30: =ROUND(AVERAGE(F21:F28),0) -> 279847997 | G30: =ROUND(AVERAGE(G21:G28),0) -> 134633246 | H30: =ROUND(AVERAGE(H21:H28),0) -> 65019765 | I30: =ROUND(AVERAGE(I21:I28),0) -> 40394110 | J30: =ROUND(AVERAGE(J21:J28),2) -> 45508356 | K30: =ROUND(AVERAGE(K21:K28),2) -> 1.450529e+08 | L30: =ROUND(AVERAGE(L21:L28),2) -> 6000000
D31: VALOR X 9 MESES | E31: =E30*$H$5 -> 1655802810 | F31: =F30*$H$5 -> 2518631973 | G31: =G30*$H$5 -> 1211699214 | H31: =H30*$H$5 -> 585177885 | I31: =I30*$H$5 -> 363546990 | J31: =J30*$H$5 -> 4.095752e+08 | K31: =K30 -> 1.450529e+08 | L31: =L30*$H$5 -> 54000000
D32: VALOR TOTAL | E32: =SUM(E31:L31) -> 6.943487e+09
D33: IVA | E33: =ROUND(E32*0.19,0) -> 1319262526
D34: VALOR TOTAL ESTIMADO | E34: =E33+E32 -> 8.2627495e+09
C36: EMPRESA | D36: COTIZANTE | E36: Total Servicios | F36: Subtotal Bolsa de Repuestos | G36: VALOR TOTAL COTIZACIÓN
C37: =I2 -> COINSA | D37: COTIZANTE 1 | E37: =K14 -> 7.8412416e+09 | F37: =K17 -> 64260000 | G37: =E37+F37 -> 7.9055016e+09
C38: =L2 -> TSG | D38: COTIZANTE 2 | E38: =N14 -> 7.9343054e+09 | F38: =N17 -> 64260000 | G38: =E38+F38 -> 7.9985654e+09
C39: =O2 -> DATASEC | D39: COTIZANTE 3 | E39: =Q14 -> 7.9771312e+09 | F39: =N17 -> 64260000 | G39: =E39+F39 -> 8.0413912e+09
C40: =R2 -> GROW DATA | D40: COTIZANTE 4 | E40: =T14 -> 7.9960734e+09 | F40: =Q17 -> 64260000 | G40: =E40+F40 -> 8.0603334e+09
C41: =U2 -> EYC | D41: COTIZANTE 5 | E41: =W14 -> 7.9976986e+09 | F41: =T17 -> 64260000 | G41: =E41+F41 -> 8.0619586e+09
C42: =X2 -> HEIMCORE | D42: COTIZANTE 6 | E42: =Z14 -> 8.5346903e+09 | F42: =W17 -> 64260000 | G42: =E42+F42 -> 8.5989503e+09
C43: =AA2 -> WEXLER | D43: COTIZANTE 7 | E43: =AC14 -> 8.5519854e+09 | F43: =Z17 -> 64260000 | G43: =E43+F43 -> 8.6162454e+09
C44: =AD2 -> OPEN GROUP | D44: COTIZANTE 8 | E44: =AF14 -> 8.7982338e+09 | F44: =AF17 -> 64260000 | G44: =E44+F44 -> 8.8624938e+09
D46: Media | E46: =AVERAGE(G37:G44) -> 8.26818e+09
D47: Mediana | E47: =MEDIAN(G37:G44) -> 8.061146e+09
D48: Desv estandar | E48: =STDEVA(G37:G44) -> 3.6354518e+08
D49: Coeficiente de Variación | E49: =E48/E46 -> 0.043969191
D51: *El coeficiente de variación es el número de veces que la desviación estándar incluye a la media, a mayor coeficiente de variación, mayor dispersión, si 0≤CV≤0,3 existe poca dispersión, por lo tanto la media es representativa. Si 0,3 ≤CV<1 la dispersión es alta. La dispersión será baja si CV es cercano a 0,3 y alta si es cercano a 1.
C57: USO | D57: % | E57: VALOR | F57: CDP
C58: C-0399-1000-8-0-0399066-02 ADQUISICIÓN DE BIENES Y SERVICIOS - SERVICIOS TECNOLOGICOS - FORTALECIMIENTO DE LAS TIC PARA EL CUMPLIMIENTO DE LOS OBJETIVOS DEL DNP A NIVEL NACIONAL | E58: =ROUND(E19*G58,0) -> 0 | F58: XXXX
C59: A-02-01-01-006-002-03-1-01 - PAQUETES DE SOFTWARE - 1203010 - SSEC | F59: XXXX
C60: A-02-01-01-006-002-03-1-01 - PAQUETES DE SOFTWARE - 1103012 - FUN OPERATIVIDAD Y ADMINISTRACIÓN - DNP ÓRGANO | E60: =ROUND(E19*G60,0) -> 0
C61: TOTAL | D61: =D60+D58 -> 0 | E61: =E58+E59+E60 -> 0
C63: ITEM | D63: COMPONENTE | E63: DESCRIPCION | F63: UNIDAD | G63: CANTIDAD X MES | H63: TIEMPO MES | I63: VALOR UNITARIO INCLUIDO IVA | J63: VALOR TOTAL INCLUIDO IVA
C65: 1 | D65: Gestión de mesa de servicios | E65: Provisión de Recurso humano, recursos para la prestación de servicios y gestión para la atencion de la mesa de Servicios Nivel 1 | F65: GLOBAL | G65: 1 | H65: 9
C66: 2 | D66: Gestión de Infraestructura Tecnológica | E66: Provisión de Recurso humano, recursos para la prestación de servicios y gestión de la infraestructura tecnológica Nivel 2 | G66: 1
C67: 3 | D67: Centro de Operaciones de Seguridad (SOC) y Centro de Operaciones de Red (NOC) | E67: Servicios de SOC y Servicios de NOC Se deben sumar los valores de servicios de SOC Y NOC | G67: 1
C68: 4 | D68: SIEM (Security Information and Event Management) para correlación de eventos | E68: Correlación de eventos, debe tener la capacidad de 8000 EPS y 550 Licencias, que deben ser suministradas por el contratista | G68: 1
C69: 5 | D69: Herramienta de automatización y orquestación | E69: Solución de orquestación, automatización y remediación, licenciada que se integre con el SIEM Informar el nombre de la herramienta a utilizar | G69: 1
C70: 6 | D70: Solución de emulación de adversarios. | E70: Una plataforma de emulación de amenazas y validación continua de seguridad, la cual deberá incluir como mínimo cinco (5) agentes de emulación licenciados y operativos Informar el nombre de la herramienta a utilizar | G70: 1
C71: 7 | D71: Mantenimientos preventivos, Mantenimientos correctivos | E71: Mantenimiento preventivo de equipos sin garantía del inventario definidos en el anexo técnico Mantenimiento correctivos de los equipos sin garantía del inventario definidos en el anexo técnico, Debe cotizar de la siguiente forma: - El valor de los mantenimientros preventivos a realizar, es uno por año. - El valor de los mantenimientos correctivos, sin incluir repuestos, estos mantenimientos son por demanda durante la vigencía del contrato. - No es un valor mensualizado | G71: 1
C72: TOTAL CON IVA | J72: =SUM(J65:J71) -> 0
